 Dungeon Crawl Stone Soup version 0.31-a0-1068-g5939ac1fb6 (webtiles) character file.

Game seed: 15166924523178568910

1766852 MackTheKnife the Black Belt (level 25, 164/205 HPs)
             Began as a Demonspawn Ice Elementalist on Nov 24, 2023.
             Was a Priest of Hepliaklqana.
             Escaped with the Orb
             ... and 3 runes on Nov 25, 2023!
             The game lasted 01:52:19 (58805 turns).

MackTheKnife the Black Belt (DsIE)                 Turns: 58805, Time: 01:52:19

Health: 164/205    AC: 38    Str: 17    XL:     25   Next: 3%
Magic:  30/30      EV: 19    Int: 19    God:    Hepliaklqana [***...]
Gold:   3214       SH: 25    Dex: 17    Spells: 23/32 levels left

rFire   + +          .
                       - Unarmed
rCold   + . .        y - +3 tower shield "Dibeusiuc" {Fly rElec rPois Int+2}
rNeg    + . .        t - +10 gold dragon scales {rare}
rPois   +            (helmet unavailable)
rElec   +            g - +2 cloak {Will+}
rCorr   .            (gloves unavailable)
SInv    .            (boots unavailable)
Will    +++..        x - amulet of the Tarantula {RegenMP rF+} Stlth
                     M - ring of the Hare {EV+10, =R}
HPRegen 0.54/turn    j - ring of Patience {rN+ Will+ AC+4}
MPRegen 0.62/turn

%: no passive effects
@: flying, studying Staves
A: reduced essence, claws 3, hooves 3, horns 3, demonic guardian 3, ignite blood
3, robust 1, fangs 1, camouflage 1, sense surroundings 1, sturdy frame 1
0: Orb of Zot
}: 3/15 runes: decaying, silver, gossamer
a: Renounce Religion, Recall Ancestor, Ancestor Identity, Transference


You escaped.
You worshipped Hepliaklqana.
Hepliaklqana was most pleased with you.
You visited 10 branches of the dungeon, and saw 48 of its levels.
You also visited: Bailey, Ice Cave and Desolation.

You collected 7666 gold pieces.
You spent 4452 gold pieces at shops.


Innate Abilities, Weirdness & Mutations

Your life essence is reduced to manifest your ancestor. (-10% HP)
You have claws for hands.
You have hooves in place of feet.
You have a pair of large horns on your head.
A powerful demonic guardian rushes to your aid.
Your demonic aura causes all spilled blood to erupt in flames.
You are robust. (+10% HP)
You have very sharp teeth.
Your skin changes colour to match your surroundings (Stealth+).
You passively map a small area around you.
Your movements are slightly less encumbered by armour. (ER -2)


   Skills:
 + Level 18.3 Fighting
 - Level 14.0 Polearms
 - Level 16.0 Armour
 - Level 16.0 Dodging
 - Level 1.7 Stealth
 - Level 20.0 Shields
 - Level 20.0 Unarmed Combat
 - Level 4.0 Spellcasting
 - Level 6.0 Transmutations
 - Level 7.0 Ice Magic
 - Level 10.0 Invocations
 - Level 6.0 Evocations


You had 23 spell levels left.
You knew the following spells:

 Your Spells              Type           Power      Damage    Failure   Level
a - Freeze                Ice            100%       1d10      52%         1
b - Frozen Ramparts       Ice            60%        1d10      88%         3
c - Ozocubu's Armour      Ice            30%        N/A       88%         3
d - Wereblood             Tmut           26%        N/A       80%         2

Your spell library contained the following spells:

 Spells                   Type           Power      Damage    Failure   Level
 Ensorcelled Hibernation  Hex/Ice        34%        N/A       98%         2
 Passwall                 Tmut/Erth      12%        N/A       99%         2
 Foxfire                  Conj/Fire      12%        2x1d4     100%        1
 Kiss of Death            Conj/Necr      12%        2d6       100%        1
 Magic Dart               Conj           12%        1d3       100%        1
 Necrotise                Necr           12%        1d4       100%        1
 Sandblast                Erth           6%         2d5       100%        1
 Shock                    Conj/Air       12%        1d3       100%        1
 Summon Small Mammal      Summ           12%        N/A       100%        1
 Call Imp                 Summ           6%         N/A       100%        2
 Cigotuvi's Dreadful Rot  Necr/Pois/Air  6%         N/A       100%        2
 Lesser Beckoning         Tloc           6%         N/A       100%        2
 Momentum Strike          Conj/Tloc      6%         3d8       100%        2
 Scorch                   Fire           6%         2d5       100%        2
 Static Discharge         Conj/Air       6%         3-4/arc   100%        2
 Sublimation of Blood     Necr           3%         N/A       100%        2
 Call Canine Familiar     Summ           3%         N/A       100%        3
 Confusing Touch          Hex            3%         N/A       100%        3
 Dazzling Flash           Conj/Hex       6%         N/A       100%        3
 Gell's Gravitas          Tloc           3%         N/A       100%        3
 Hailstorm                Conj/Ice       17%        3d6       100%        3
 Ignite Poison            Fire/Tmut/Pois 11%        N/A       100%        3
 Mephitic Cloud           Conj/Pois/Air  3%         N/A       100%        3
 Stone Arrow              Conj/Erth      6%         3d7       100%        3
 Summon Guardian Golem    Hex/Summ       3%         N/A       100%        3
 Swiftness                Air            3%         N/A       100%        3
 Teleport Other           Tloc           3%         N/A       100%        3
 Vampiric Draining        Necr           3%         2d6       100%        3
 Volatile Blastmotes      Fire/Tloc      6%         2d10      100%        3
 Airstrike                Air            1%         2d(1-17)  100%        4
 Animate Armour           Summ/Erth      6%         N/A       100%        4
 Animate Dead             Necr           3%         N/A       100%        4
 Brom's Barrelling Bould  Conj/Erth      3%         2d3       100%        4
 Cause Fear               Hex            1%         N/A       100%        4
 Dimensional Bullseye     Hex/Tloc       1%         N/A       100%        4
 Dispel Undead            Necr           3%         3d7       100%        4
 Flame Wave               Conj/Fire      3%         2d5       100%        4
 Leda's Liquefaction      Hex/Erth       1%         N/A       100%        4
 Passage of Golubria      Tloc           3%         N/A       100%        4
 Summon Ice Beast         Ice/Summ       17%        N/A       100%        4
 Summon Lightning Spire   Summ/Air       3%         N/A       100%        4
 Vhi's Electric Charge    Tloc/Air       6%         N/A       100%        4
 Agony                    Necr           3%         N/A       100%        5
 Arcjolt                  Conj/Air       1%         1d11      100%        5
 Borgnjor's Vile Clutch   Necr/Erth      1%         N/A       100%        5
 Fireball                 Conj/Fire      1%         3d3       100%        5
 Freezing Cloud           Conj/Ice/Air   6%         6-21      100%        5
 Irradiate                Conj/Tmut      7%         3d14      100%        5
 Iskenderun's Battlesphe  Conj           3%         2d6       100%        5
 Lee's Rapid Deconstruct  Erth           1%         3d4*      100%        5
 Silence                  Hex/Air        1%         N/A       100%        5
 Summon Forest            Summ/Tloc      1%         N/A       100%        5
 Summon Mana Viper        Hex/Summ       3%         N/A       100%        5
 Yara's Violent Unravell  Hex/Tmut       7%         3d5       100%        5
 Bombard                  Conj/Erth      1%         9d1       100%        6
 Conjure Ball Lightning   Conj/Air       1%         3x3d6     100%        6
 Death Channel            Necr           1%         N/A       100%        6
 Dispersal                Tloc           1%         N/A       100%        6
 Eringya's Noxious Bog    Tmut/Pois      7%         4d6       100%        6
 Simulacrum               Ice/Necr       8%         N/A       100%        6
 Starburst                Conj/Fire      1%         6d3       100%        6
 Summon Cactus Giant      Summ           1%         N/A       100%        6
 Malign Gateway           Summ/Tloc      1%         N/A       100%        7
 Monstrous Menagerie      Summ           1%         N/A       100%        7
 Ozocubu's Refrigeration  Ice            15%        4d10      100%        7
 Spellforged Servitor     Conj/Summ      1%         N/A       100%        7
 Discord                  Hex            1%         N/A       100%        8
 Disjunction              Tloc           1%         N/A       100%        8
 Infestation              Necr           1%         N/A       100%        8
 Lehudib's Crystal Spear  Conj/Erth      1%         10d2      100%        8
 Maxwell's Capacitive Co  Air            1%         ∞         100%        8
 Summon Horrible Things   Summ           1%         N/A       100%        8
 Chain Lightning          Conj/Air       1%         3d2       100%        9
 Dragon's Call            Summ           1%         N/A       100%        9
 Fire Storm               Conj/Fire      1%         8d1       100%        9
 Polar Vortex             Ice            15%        12d2*     100%        9
 Shatter                  Erth           1%         3d6*      100%        9

Inventory:

Armour
 g - a +2 cloak of willpower (worn)
   (You found it in the Desolation of Salt)
 k - the +2 ring mail "Ceral" {*Corrode rPois rF+++ Str-2}
   (You bought it in a shop on level 2 of the Orcish Mines)

   Str-2:     It affects your strength (-2).
   rF+++:     It renders you almost immune to fire.
   rPois:     It protects you from poison *Corrode: It may corrode you when you
   take damage.
 t - +10 gold dragon scales (worn) {rare}
   (You took it off Parghit on level 4 of the Depths)
 y - the +3 tower shield "Dibeusiuc" (worn) {Fly rElec rPois Int+2}
   (You acquired it on level 3 of the Elven Halls)

   Int+2:     It affects your intelligence (+2).
   rElec:     It insulates you from electricity.
   rPois:     It protects you from poison Fly: It grants you flight.
 R - the +4 storm dragon scales of the Furies {rElec Will+ rCorr Dex+4, rare}
   (You found it in the Desolation of Salt)

   Dex+4:     It affects your dexterity (+4).
   rElec:     It insulates you from electricity.
   Will+:     It increases your willpower.
   rCorr:     It protects you from acid and corrosion.
Jewellery
 f - a ring of poison resistance
   (You found it on level 1 of the Dungeon)
 j - the ring of Patience (right claw) {rN+ Will+ AC+4}
   (You found it in the Desolation of Salt)

   [ring of protection]

   AC+4:      It affects your AC (+4).
   rN+:       It protects you from negative energy.
   Will+:     It increases your willpower.
 w - the ring "Fothy" {rElec rC+++ Will+ MP-9 Dex-3}
   (You found it on level 1 of the Elven Halls)

   [ring of willpower]

   Dex-3:     It affects your dexterity (-3).
   rC+++:     It renders you almost immune to cold.
   rElec:     It insulates you from electricity.
   Will+:     It increases your willpower.
   MP-9:      It affects your magic capacity (-9).
 x - the amulet of the Tarantula (around neck) {RegenMP rF+}
   (You found it on level 2 of the Depths)

   [amulet of magic regeneration]

   RegenMP:   It increases your rate of magic regeneration.
   rF+:       It protects you from fire.
 C - the necklace of Bloodlust {Fury *Rage Will++ Int-3 Slay+6}
   (You took it off a vault guard on level 5 of the Vaults)

   [amulet of nothing]

   Fury:      It extends the wearer's berserk rage when killing foes.
   Int-3:     It affects your intelligence (-3).
   Slay+6:    It affects your accuracy & damage with ranged weapons and melee
   (+6).
   Will++:    It greatly increases your willpower.
   *Rage:     It berserks you when you make melee attacks (+50% chance).
 K - the ring "Udamud" {+Blink Will+ Dex+2}
   (You acquired it on level 11 of the Dungeon)

   [ring of willpower]

   Dex+2:     It affects your dexterity (+2).
   Will+:     It increases your willpower.
   +Blink:    It lets you blink.
 M - the ring of the Hare (left claw) {EV+10, =R}
   (You bought it in a shop on level 1 of the Dungeon)

   [ring of evasion]

   EV+10:     It affects your evasion (+10).
 N - a ring of ice
   (You took it off a yaktaur captain on level 5 of the Vaults)
 V - a ring of see invisible
   (You found it on level 2 of the Depths)
Wands
 v - a wand of mindburst (24)
   (You found it on level 1 of the Depths)
 B - a wand of flame (61)
   (You found it on level 6 of the Dungeon)
 I - a wand of roots (33)
   (You found it on level 9 of the Dungeon)
 J - a wand of digging (2)
   (You found it on level 3 of the Lair of Beasts)
 S - a wand of charming (54)
   (You found it on level 14 of the Dungeon)
 Z - a wand of acid (3)
   (You found it on level 1 of the Elven Halls)
Scrolls
 e - 8 scrolls of fear
 h - 11 scrolls of vulnerability {!r!r}
 i - 7 scrolls of blinking {!r}
 l - 9 scrolls of poison
 m - 10 scrolls of teleportation {@r4}
 n - 2 scrolls of brand weapon
 u - 4 scrolls of immolation {!r!r}
 z - 4 scrolls of silence {!r}
 D - 9 scrolls of enchant weapon
 X - 16 scrolls of identify {@r1}
Potions
 b - 8 potions of magic
 c - 3 potions of might
 d - 5 potions of berserk rage {!q}
 o - 4 potions of enlightenment
 p - 12 potions of heal wounds {@q2}
 q - 14 potions of curing {@q1}
 r - 5 potions of cancellation
 H - 8 potions of mutation {!q}
 L - 5 potions of lignification {!q}
 O - 2 potions of haste {@q3}
 P - 2 potions of resistance
Miscellaneous
 a - a phantom mirror
   (You found it on level 3 of the Vaults)
 F - a sack of spiders
   (You found it on level 5 of the Vaults)
 T - a lightning rod (4/4)
   (You found it on level 1 of the Swamp)
 U - a condenser vane
   (You found it on level 5 of the Vaults)

Dungeon Overview and Level Annotations

Branches:
Dungeon (15/15)            Temple (1/1) D:4            Lair (5/5) D:9
  Swamp (4/4) Lair:3       Spider (4/4) Lair:2        Slime (0/5) Lair:4
    Orc (2/2) D:9             Elf (3/3) Orc:2        Vaults (5/5) D:13
  Crypt (0/3) Vaults:2     Depths (4/4) D:15            Zot (5/5) Depths:4
 Bailey (visited)           IceCv (visited)         Desolation (visited)

Altars:
Ashenzari
Cheibriados
Dithmenos
Fedhas
Gozag
Hepliaklqana
Kikubaaqudgha
Makhleb
Nemelex Xobeh
Okawaru
Qazlal
Ru
Sif Muna
Trog
Uskayaw
Vehumet
Wu Jian
Xom
Yredelemnul
Jiyva

Shops:
D:1 (=(*   D:5 [(   D:7 *[   Orc:2 *((:[   Elf:1 =   Elf:2 [   Elf:3 (
Vaults:1 :   Vaults:2 ?   Vaults:4 (   Vaults:5 *   Depths:2 **   Depths:3 **?:

Portals:
Hell: Depths:1 Depths:2 Depths:3 Depths:4
Abyss: Depths:2 Depths:3
Pandemonium: Depths:2
Ziggurat: Depths:2

Annotations:
Lair:5 exclusions: 4 doors and obsidian statue
Swamp:2 Roxanne
Spider:3 Nikola
Elf:2 3 runed translucent doors
Vaults:1 1 runed translucent door, Mll's ghost, journeyman HOBe
Depths:1 2 runed translucent doors, Tulador's ghost, adept HOFi
Depths:3 3 runed translucent doors
Zot:4 exclusion: upstairs
Zot:5 exclusion: 2 upstairs

#.#####...).#### #.#.# #.#
##..### #.#.# #.# #.## #.#.#
#.# #.# #.#.# #.######.#
#.#§#####
#.#......##########..#....##
#.#.####.'...~≈≈≈~.X.+.#...##
#....######..###1...##......###
###....# #..♣♣.@P♣♣..##.......#
#.##.# ##..♣♣.♣♣..###.....#.##
#.##.# ♣..1......♣#....>##...
#.##.# ♣.♣.~~~.♣.♣#.....#####
#.##.###♣..≈~8~~..♣#.#...#####
#......#♣.♣.~~~.♣.♣#.#........
####.###♣.........♣#.....###..
#...##..♣♣.♣♣..##....## #..
#..##..♣♣P>P♣♣..#.#..# #..


You could see a Brimstone Fiend and an Orb Guardian.


Message History

You feel strangely unstable.
You feel the Orb delaying your translocation!
You block the red devil's attack.
Asorul moves out of view.
Things that are here:
a +0 scale mail; a +0 dagger {short}; a +0 flail {mace} Asorul gores Ella.
Ella gestures at Asorul while chanting.
The crystal spear hits Asorul!!!
Asorul gestures at you.
The iron shot hits Ella!!!!
Something touches Ella but does no damage.
Ella hits Asorul with a +0 lajatang of freezing!!!
Ella freezes Asorul!
There is a stone staircase leading down here.
Asorul gestures at Ella.
The red devil blinks!
Ella hits Asorul with a +0 lajatang of freezing!!
Ella freezes Asorul.
Asorul gestures at Ella.
The lance of force hits Ella!!!
Ella is destroyed!
Asorul bellows, "Run away whilst thy luck holds!"
Your surroundings suddenly seem different.
Unknown command.
There is an escape hatch in the ceiling here.
A mysterious force pulls you upwards. The hatch slams shut behind you.
There is a stone staircase leading up here.
Ella emerges from the mists of memory!
You fly upwards.
There is a stone staircase leading down here.
You see here a +0 robe.
There is a stone staircase leading up here.
You fly upwards.
A Brimstone Fiend comes into view.
There is a stone staircase leading down here.
Unknown command.
You fly downwards.
There is a stone staircase leading up here.
A chaos spawn comes into view.
There is a stone staircase leading up here.
You fly upwards.
There is a stone staircase leading down here.
There is an open door here.
There is an open door here.
A tormentor comes into view.
The tormentor roars!
Unknown command.
You scratch the tormentor but do no damage.
You kick the tormentor.
You headbutt the tormentor, but do no damage.
You bite the tormentor, but do no damage.
You block the tormentor's attack.
The tormentor hits you but does no damage.
You claw the tormentor! Your kick misses the tormentor.
Your headbutt misses the tormentor. You block the tormentor's attack. x2
Unknown command.
You mangle the tormentor!!
You kill the tormentor!
Unknown command.
An Orb Guardian comes into view.
Unknown command.
Aiming: Dig
Press: ? - help, Shift-Dir - straight line You can't see that place. [the floor.]
The rock shatters into small pieces.
The Orb Guardian hits you. The Brimstone Fiend gestures at you.
The sphere of damnation explodes!
The damnation engulfs you!!!
A demonic guardian appears!
The damnation engulfs the Orb Guardian!!
The damnation engulfs your hell beast!!!
You block the Orb Guardian's attack. 😕 HP[-44]
You take 44 damage, and now have 161/205 hp.
MASSIVE DAMAGE!! (PAUSE) Unknown command.
Unknown command.
You swap places.
Your hell beast bites the Orb Guardian!!
Your hell beast tramples the Orb Guardian!
The Orb Guardian stumbles backwards!
The Orb Guardian hits your hell beast!! 😕 HP[+1] Unknown command.
Unknown command.
Unknown command.
Unknown command.
Your hell beast barely misses the Orb Guardian.
Your hell beast tramples the Orb Guardian!
The Orb Guardian stumbles backwards!
The Orb Guardian hits your hell beast!
Your hell beast dies!
Your hell beast disappears in a puff of smoke! 😕 HP[+1] Unknown command.
Blink to where?
Press: ? - help, Dir - move target
As you read the scroll of blinking {!r}, it crumbles to dust.
A nearby plant withers and dies.
Unknown command.
Unknown command.
You have escaped!

Skill      XL: |  1  2  3  4  5  6  7  8  9 10 11 12 13 14 15 16 17 18 19 20 21 22 23 24 |
---------------+-------------------------------------------------------------------------+-----
Ice Magic      | 4 5 7 |  7.0
Fighting       | 1 2 3 5 6 7 8 10 12 14 15 16 18 | 18.3
Polearms       | 2 3 5 8 10 12 14 | 14.0
Dodging        | 5 6 7 11 12 14 15 16 | 16.0
Armour         | 3 4 5 6 7 8 12 16 | 16.0
Shields        | 1 5 9 14 15 18 20 | 20.0
Spellcasting   | 4 |  4.0
Invocations    | 3 10 | 10.0
Evocations     | 6 |  6.0
Transmutations | 2 6 |  6.0
Unarmed Combat | 11 15 18 20 | 20.0
Stealth        | |  1.7

Action                     |  1- 3 |  4- 6 |  7- 9 | 10-12 | 13-15 | 16-18 | 19-21 | 22-24 | 25-27 || total
---------------------------+-------+-------+-------+-------+-------+-------+-------+-------+-------++-------
  Melee: Unarmed           |     1 |       |       |       |       |       |   351 |  1033 |    28 ||  1413
         Dagger            |     4 |     4 |       |       |       |       |       |       |       ||     8
         Trident           |       |    75 |   122 |   403 |   981 |  1514 |   905 |       |       ||  4000
         Kick              |       |    15 |    26 |       |       |   202 |   596 |   561 |    16 ||  1416
         Punch             |       |     1 |       |       |       |       |       |       |       ||     1
         Headbutt          |       |       |     3 |    77 |   233 |   421 |   360 |   362 |     9 ||  1465
         Bite              |       |       |       |       |       |       |       |     5 |     7 ||    12
  Throw: Dart              |     4 |       |       |       |       |       |       |       |       ||     4
   Cast: Freeze            |    59 |     9 |       |       |       |     1 |       |       |       ||    69
         Frozen Ramparts   |       |     8 |    10 |     7 |    15 |     6 |       |       |       ||    46
         Ozocubu's Armour  |       |       |       |     3 |    16 |     9 |     5 |       |       ||    33
         Wereblood         |       |       |       |       |       |    22 |    11 |       |       ||    33
 Invoke: Recall Ancestor   |       |       |     5 |     4 |    11 |     5 |     5 |     9 |     1 ||    40
         Ancestor Identity |       |       |     1 |       |       |       |       |       |       ||     1
         Ancestor Life: Ba |       |       |     1 |       |       |       |       |       |       ||     1
         Idealise          |       |       |       |       |     3 |     6 |    19 |    16 |       ||    44
  Evoke: Wand              |       |     4 |     3 |     3 |     9 |     4 |     7 |    10 |     2 ||    42
         Lightning rod     |       |       |       |       |       |     3 |       |     1 |       ||     4
         Phantom mirror    |       |       |       |       |       |       |       |     1 |       ||     1
         Sack of spiders   |       |       |       |       |       |       |       |     1 |       ||     1
         Condenser vane    |       |       |       |       |       |       |       |     1 |       ||     1
    Use: Scroll            |     2 |     4 |     2 |     9 |    13 |    16 |    10 |    23 |     6 ||    85
         Potion            |       |       |     2 |       |       |     2 |     6 |    23 |     8 ||    41
   Stab: Sleeping          |       |     5 |       |     1 |     3 |     6 |     2 |       |       ||    17
         Distracted        |       |     2 |     3 |     7 |    18 |    22 |    40 |    24 |     1 ||   117
         Confused          |       |       |       |       |     1 |       |       |       |       ||     1
         Invisible         |       |       |       |       |       |       |       |    11 |       ||    11
 Armour: Robe              |    19 |    19 |       |       |    23 |       |       |       |       ||    61
         Leather armour    |       |    10 |    40 |     1 |       |       |       |       |       ||    51
         Swamp dragon scal |       |       |       |    78 |   183 |   332 |    86 |       |       ||   679
         Storm dragon scal |       |       |       |       |       |       |   166 |   114 |       ||   280
         Gold dragon scale |       |       |       |       |       |       |       |   346 |    14 ||   360
  Dodge: Dodged            |    29 |    27 |    50 |   109 |   342 |   796 |   386 |   334 |    11 ||  2084
  Block: Buckler           |       |       |       |    45 |   248 |   163 |       |       |       ||   456
         Reflection        |       |       |       |       |    41 |    29 |    26 |       |       ||    96
         Kite shield       |       |       |       |       |       |   824 |   397 |       |       ||  1221
         Tower shield      |       |       |       |       |       |       |   397 |   852 |    29 ||  1278

Levels and vault maps discovered:
D:1:      tarquinn_simple_flora_water_b, layout_loops_ring,
          shapermc_ecumenical_altar_mp_highgroup, serial_shops, shop,
          nicolae_shop_behind_doors, shop, shop, serial_bayou_lagoon_a
D:2:      layout_basic, dk_vineyard_1, minmay_statues_item
D:3:      layout_loops_cross, chequers_serial_rivers_room_a
D:4:      layout_loops_ring, minmay_temple_entry_junction_2
D:5:      layout_rooms, serial_shops, nicolae_shop_behind_doors,
          nicolae_stop_n_shop_1
D:6:      layout_basic, grunt_temple_overflow_open
D:7:      layout_basic, mainiacjoe_overflow_cross_hatched, lemuel_round_altar,
          enter_bailey_1, serial_shops, shop, nicolae_shop_sticking_my_neck_out,
          uniq_prince_ribbit1
D:8:      layout_basic, uniq_erica, uniq_gastronok
D:9:      layout_irregular_city, hellmonk_lair_entry_icy,
          minmay_orc_entry_temple_small
D:10:     layout_long_grid, nicolae_lava_and_water, st_stairs_12, minivault_5
D:11:     minmay_spotlight, layout_basic
D:12:     wander_kiku_kobolds, layout_rooms
D:13:     layout_gridville, hellmonk_vaults_attempted_burglary, uniq_lodul,
          uniq_rupert
D:14:     layout_grid_maze, special_room [special_room_mythical_zoo],
          minmay_misc_feat_iff
D:15:     grunt_enter_depths_giant_problem, layout_long_grid
Temple:   compressed_dpeg_triangle_lava_temple
Lair:1:   lemuel_slime, layout_regular_city, dreamdust_mushroom_princess,
          nzn_sisyphean_effort, lemuel_fruit_tree, grunt_megastairs_1,
          serial_bayou_shore_b, infiniplex_staircase_pool, serial_bayou_shore_b
Lair:2:   layout_roguey, nicolae_spider_entry_orb_guardian
Lair:3:   layout_chaotic_city, minmay_swamp_entry_worms, serial_bayou_shore_b,
          uniq_snorg
Lair:4:   layout_loops_ring, nicolae_slime_entry_slimehenge,
          lemuel_old_faithful, serial_bayou_shore_b
Lair:5:   due_jungle_book, layout_concentric_octagons, grunt_megastairs_5
Swamp:1:  layout_falls_marsh, evilmike_swamp_ruin_house_1, uniq_donald
Swamp:2:  cheibrodos_swamp_monstrosity, layout_falls_marsh,
          evilmike_swamp_ruin_house_3, swamp_pool_4,
          infiniplex_staircase_pool_2, nicolae_swamp_decorative_isthmus,
          uniq_roxanne
Swamp:3:  layout_basic_swamp, nicolae_swamp_small_spring
Swamp:4:  swamp_alternative, layout_basic_swamp
Spider:1: layout_chambers, hive_lemuel
Spider:2: layout_spider_delve
Spider:3: layout_chambers, nicolae_spider_wall_of_niches, uniq_nikola,
          uniq_asterion, uniq_kirke
Spider:4: grunt_spider_rune_parallel, nicolae_spider_not_touching_you,
          uniq_arachne
Orc:1:    layout_diamond_mine, basic_altar, portal_ice_cave_entry_pillars_1,
          uniq_josephine
Orc:2:    grunt_orc_gardens, layout_diamond_mine, grunt_orc_garden,
          grunt_orc_garden, grunt_orc_garden, grunt_orc_garden, special_room,
          serial_shops, nicolae_shop_pleasant_corner_grove, mines3_lemuel
Elf:1:    gammafunk_its_a_trap, layout_geoelf_diagonals, serial_shops,
          nicolae_shop_real_fake_doors, minmay_elf_annihilation, uniq_zenata,
          uniq_frances
Elf:2:    nicolae_elf_blades_crystal_corner, layout_geoelf_octagon,
          portal_desolation_entry_nicolae_forbidding_blocks, serial_shops,
          nicolae_lakefront_shop, uniq_norris
Elf:3:    minmay_elf_hall_not_hex, layout_loops_corners, serial_shops,
          nicolae_shop_bloodbath_and_beyond, minivault_24, st_stairs_1,
          drop_trap, uniq_mara
Vaults:1: ebering_ghost_inner_flame, v_misc_8, grunt_vaults_swirl,
          nicolae_vaults_alarming, vaults_dpeg_diagonal, vaults_dpeg_spiral,
          grunt_vaults_focal, nicolae_vaults_layer_cake_slice,
          hangedman_vaults_variations, ontoclasm_vaults_eye,
          nicolae_vaults_theta, nicolae_vaults_rhombus_5,
          nicolae_vaults_double_plus_1, nicolae_vaults_what_the_h,
          v_alt_pattern_5, layout_vaults_ring, serial_shops,
          nicolae_lakefront_shop
Vaults:2: nicolae_vaults_network_s, v_misc_18, minmay_crypt_entry_simple_walls,
          nicolae_vaults_inception_corners, nicolae_vaults_back_hallway,
          hangedman_vaults_river_flow, nicolae_vaults_frosty_reception,
          vaults_mumra_lcd, grunt_vaults_diagonal, nicolae_vaults_stepped_doors,
          nicolae_vaults_circle_grid_a, vaults_dpeg_encased_lava,
          nicolae_vaults_asterisk, v_misc_14, layout_vaults_maze, serial_shops,
          nicolae_shop_tiny_statue_garden, uniq_aizul
Vaults:3: nicolae_vaults_apartment_2, nicolae_vaults_c_with_doors,
          nicolae_vaults_rhombus_5, grunt_vaults_hallway_long,
          nicolae_vaults_trapezoid_lopsided_1, nicolae_vaults_cornered_office,
          vaults_dpeg_doors, serial_library_regret_index_small_wings,
          vaults_room_door_ring, nicolae_vaults_tetromino_T_1,
          vaults_room_hallway, layout_vaults_omnigrid
Vaults:4: nicolae_vaults_double_plus_1, nicolae_vaults_apartment_1,
          vaults_room_hallway, nicolae_vaults_more_shelving_1,
          nicolae_vaults_double_plus_2, v_misc_13,
          nicolae_vaults_doubleplus_tesselated, v_misc_31, v_misc_5,
          nicolae_vaults_trapezoid_layered, vaults_room_pool,
          nicolae_vaults_variable_pillar_hall, layout_vaults_big_room,
          serial_shops, nicolae_shop_hallway_plus
Vaults:5
Depths:1: layout_cave_pools, muffindrake_ghost_dual_entry, minmay_holes,
          grunt_mini_vestibule, feat_on_display, serial_bayou_shore_b,
          uniq_sojobo, uniq_bai_suzhen
Depths:2: minmay_broken_ring, layout_cave_pools, enter_ziggurat_f, hell_entry,
          pan_entry, serial_shops, shop, bh_walls_and_bars,
          abyss_entry_small_statue_room, nicolae_elemental_shop,
          amcnicky_mini_rare_corridor_liquid, minmay_staircase_statues
Depths:3: minmay_the_grid_triangle_9x9_line_8_mashed
          [minmay_the_grid_triangle_9x9_checkered,
          minmay_the_grid_triangle_9x9_alien,
          minmay_the_grid_triangle_9x9_warning,
          minmay_the_grid_triangle_9x9_fully_insulated_deathbox,
          minmay_the_grid_triangle_9x9_flanged_cone,
          minmay_the_grid_triangle_9x9_odd_lines,
          minmay_the_grid_triangle_9x9_descending_squares,
          minmay_the_grid_triangle_9x9_prize_top_heavy], layout_cave_shapes,
          serial_shops, shop, hell_entry, minmay_misc_feat_chi,
          hangedman_abyss_entry_splay, minivault_16,
          nicolae_qazlal_scattered_showers, minmay_shop_star, firewood_loft
Depths:4: grunt_zot_entry_alcove, layout_basic, nicolae_ru_sacrificial_ziggurat,
          hell_entry, uniq_parghit
Zot:1:    layout_basic, regret_index_zotdec_glowing_original,
          hangedman_zot_decor_checkerboard
Zot:2:    layout_onion_interference, regret_index_zotdec_banners
Zot:3:    layout_onion_interference, st_stairs_14
Zot:4:    layout_cellular_growth
Zot:5:    layout_misc_corridors, regret_index_zotdec_onion_hex

Notes
Turn   | Place    | Note
-------+----------+-------------------------------------------
     0 | D:1      | MackTheKnife the Demonspawn Ice Elementalist began the
                  | quest for the Orb.
     0 | D:1      | Reached XP level 1. HP: 13/13 MP: 3/3
     0 | D:1      | magus.rc [v1.9.6]
    36 | D:1      | Found Raoptal's Jewellery Shop.
   226 | D:1      | Reached skill level 4 in Ice Magic
   312 | D:1      | You feel monstrous as your demonic heritage exerts itself.
   312 | D:1      | Discovered your monstrous ancestry.
   312 | D:1      | Gained mutation: You have large cloven feet. [demonic
                  | ancestry]
   312 | D:1      | Reached XP level 2. HP: 19/19 MP: 1/5
   355 | D:1      | Found a faded altar of an unknown god.
   362 | D:1      | You pick up a book of Callings and begin reading...
   362 | D:1      | You add the spells Summon Small Mammal, Call Canine
                  | Familiar and Summon Guardian Golem to your library.
   394 | D:1      | Found Reilec's Weapon Boutique.
   563 | D:1      | Found Wyiffot's Antique Weapon Shop.
   649 | D:1      | Found Rasoc's General Store.
   655 | D:1      | Bought a scroll of identify for 22 gold pieces
   675 | D:1      | You add the spells Shock, Swiftness and Vampiric Draining
                  | to your library.
   675 | D:1      | Got the Encyclopedia of Sepulchral Anemomancy
  1010 | D:1      | Gained mutation: You have sharp fingernails. [demonic
                  | ancestry]
  1010 | D:1      | Reached XP level 3. HP: 24/24 MP: 4/6
  1031 | D:1      | You pick up a book of Geomancy and begin reading...
  1031 | D:1      | You add the spells Sandblast, Passwall, Stone Arrow and
                  | Brom's Barrelling Boulder to your library.
  1197 | D:1      | Learned a level 3 spell: Frozen Ramparts
  1376 | D:2      | Reached skill level 5 in Ice Magic
  1463 | D:2      | You add the spells Momentum Strike, Lesser Beckoning and
                  | Teleport Other to your library.
  1463 | D:2      | Got Sif Muna's Directory of the Jaunt
  1706 | D:2      | Gained mutation: You have hoof-like feet. [demonic
                  | ancestry]
  1706 | D:2      | Reached XP level 4. HP: 30/30 MP: 5/7
  2112 | D:3      | Found the +8 trident of the Octopus King {venom, rElec
                  | rPois}
  2529 | D:3      | Aim: a gnoll, wielding a +0 spear (about 31% to evade the
                  | +8 trident of the Octopus King)
  2529 | D:3      | Aim: a gnoll, wielding a +0 spear (about 31% to evade the
                  | +8 trident of the Octopus King)
  2530 | D:3      | Aim: a gnoll, wielding a +0 flail (about 31% to evade the
                  | +8 trident of the Octopus King)
  2530 | D:3      | Aim: a gnoll, wielding a +0 flail (about 31% to evade the
                  | +8 trident of the Octopus King)
  2531 | D:3      | Aim: a gnoll, wielding a +0 flail (moderately wounded,
                  | about 31% to evade the +8 trident of the Octopus King)
  2531 | D:3      | Aim: a gnoll, wielding a +0 flail (moderately wounded,
                  | about 31% to evade the +8 trident of the Octopus King)
  2532 | D:3      | Reached skill level 1 in Fighting
  2532 | D:3      | Reached XP level 5. HP: 30/37 MP: 4/8
  2532 | D:3      | Aim: a gnoll, wielding a +0 spear (heavily wounded, about
                  | 31% to evade the +8 trident of the Octopus King)
  2532 | D:3      | Aim: a gnoll, wielding a +0 spear (heavily wounded, about
                  | 31% to evade the +8 trident of the Octopus King)
  2533 | D:3      | Reached skill level 1 in Polearms
  2535 | D:3      | Aim: a gnoll, wielding a +0 spear (about 31% to evade the
                  | +8 trident of the Octopus King)
  2535 | D:3      | Aim: a gnoll, wielding a +0 spear (about 31% to evade the
                  | +8 trident of the Octopus King)
  2536 | D:3      | Aim: a gnoll, wielding a +0 spear (lightly wounded, about
                  | 31% to evade the +8 trident of the Octopus King)
  2536 | D:3      | Aim: a gnoll, wielding a +0 spear (lightly wounded, about
                  | 31% to evade the +8 trident of the Octopus King)
  2980 | D:4      | Noticed an ogre
  3199 | D:4      | Found a staircase to the Ecumenical Temple.
  3206 | Temple   | Entered the Ecumenical Temple
  3220 | Temple   | Became a worshipper of Hepliaklqana the Forgotten
  3256 | D:4      | Reached skill level 2 in Fighting
  3299 | D:4      | Reached skill level 2 in Polearms
  3299 | D:4      | Gained mutation: You have very sharp fingernails. [demonic
                  | ancestry]
  3299 | D:4      | Reached XP level 6. HP: 41/46 MP: 9/9
  3439 | D:4      | Identified the +2 pair of gloves of the Dungeon {*Corrode
                  | rElec Str+4 Int+2}
  3518 | D:4      | Reached skill level 3 in Fighting
  3535 | D:4      | Aim: an ogre, wielding a +0 giant spiked club (almost dead,
                  | about 21% to evade the +8 trident of the Octopus King)
  3535 | D:4      | Aim: an ogre, wielding a +0 giant spiked club (almost dead,
                  | about 21% to evade the +8 trident of the Octopus King)
  3536 | D:4      | Reached skill level 3 in Polearms
  3677 | D:5      | Entered Level 5 of the Dungeon
  3722 | D:5      | You pick up a book of Burglary and begin reading...
  3772 | D:5      | Found Lise's Weapon Shoppe.
  3945 | D:5      | Reached XP level 7. HP: 51/53 MP: 4/10
  4002 | D:5      | Reached skill level 4 in Fighting
  4006 | D:5      | Found Ciaw's Antique Armour Shop.
  4007 | D:5      | Reached * piety under Hepliaklqana
  4088 | D:5      | Reached skill level 4 in Polearms
  4320 | D:6      | Noticed a steam dragon
  4388 | D:6      | Killed a steam dragon
  4552 | D:6      | Aim: a gnoll, wielding a +0 flail (covering ground quickly,
                  | about 28% to evade the +8 trident of the Octopus King)
  4552 | D:6      | Aim: a gnoll, wielding a +0 flail (covering ground quickly,
                  | about 28% to evade the +8 trident of the Octopus King)
  4659 | D:6      | Reached skill level 5 in Fighting
  4700 | D:6      | Reached skill level 5 in Polearms
  4758 | D:6      | Reached XP level 8. HP: 56/56 MP: 11/11
  4827 | D:6      | Aim: a gnoll, wielding a +0 spear (severely wounded, ally
                  | target, about 27% to evade the +8 trident of the Octopus
                  | King)
  4827 | D:6      | Aim: a gnoll, wielding a +0 spear (severely wounded, ally
                  | target, about 27% to evade the +8 trident of the Octopus
                  | King)
  4828 | D:6      | Aim: a gnoll, wielding a +0 whip and quivering a throwing
                  | net (lightly wounded, ally target, about 27% to evade the
                  | +8 trident of the Octopus King)
  4828 | D:6      | Aim: a gnoll, wielding a +0 whip and quivering a throwing
                  | net (lightly wounded, ally target, about 27% to evade the
                  | +8 trident of the Octopus King)
  4829 | D:6      | Aim: a gnoll, wielding a +0 whip and quivering a throwing
                  | net (heavily wounded, very poisoned, ally target, about 27%
                  | to evade the +8 trident of the Octopus King)
  4829 | D:6      | Aim: a gnoll, wielding a +0 whip and quivering a throwing
                  | net (heavily wounded, very poisoned, ally target, about 27%
                  | to evade the +8 trident of the Octopus King)
  5078 | D:6      | Reached ** piety under Hepliaklqana
  5079 | D:6      | Remembered your ancestor Ella as a battlemage
  5121 | D:6      | Found a sacrificial altar of Ru.
  5125 | D:6      | Found a broken altar of Ashenzari.
  5125 | D:6      | Found a bloodstained altar of Trog.
  5126 | D:6      | Found an ancient bone altar of Kikubaaqudgha.
  5277 | D:7      | Aim: an orc priest, wielding a +0 hand axe and wearing a +0
                  | chain mail (ally target, about 25% to evade the +8 trident
                  | of the Octopus King)
  5277 | D:7      | Aim: an orc priest, wielding a +0 hand axe and wearing a +0
                  | chain mail (ally target, about 25% to evade the +8 trident
                  | of the Octopus King)
  5278 | D:7      | Aim: an orc priest, wielding a +0 hand axe and wearing a +0
                  | chain mail (almost dead, not watching you, very poisoned,
                  | ally target, about 25% to evade the +8 trident of the
                  | Octopus King)
  5278 | D:7      | Aim: an orc priest, wielding a +0 hand axe and wearing a +0
                  | chain mail (almost dead, not watching you, very poisoned,
                  | ally target, about 25% to evade the +8 trident of the
                  | Octopus King)
  5279 | D:7      | Aim: an orc priest, wielding a +0 hand axe and wearing a +0
                  | chain mail (almost dead, very poisoned, ally target, about
                  | 25% to evade the +8 trident of the Octopus King)
  5279 | D:7      | Aim: an orc priest, wielding a +0 hand axe and wearing a +0
                  | chain mail (almost dead, very poisoned, ally target, about
                  | 25% to evade the +8 trident of the Octopus King)
  5292 | D:7      | Aim: an orc, wielding a +0 flail (almost dead, not watching
                  | you, ally target, about 30% to evade the +8 trident of the
                  | Octopus King)
  5292 | D:7      | Aim: an orc, wielding a +0 flail (almost dead, not watching
                  | you, ally target, about 30% to evade the +8 trident of the
                  | Octopus King)
  5325 | D:7      | Aim: a wight, wielding a +2 battleaxe and wearing a +0 robe
                  | (ally target, about 30% to evade the +8 trident of the
                  | Octopus King)
  5325 | D:7      | Aim: a wight, wielding a +2 battleaxe and wearing a +0 robe
                  | (ally target, about 30% to evade the +8 trident of the
                  | Octopus King)
  5326 | D:7      | Aim: a wight, wielding a +2 battleaxe and wearing a +0 robe
                  | (ally target, about 30% to evade the +8 trident of the
                  | Octopus King)
  5326 | D:7      | Aim: a wight, wielding a +2 battleaxe and wearing a +0 robe
                  | (ally target, about 30% to evade the +8 trident of the
                  | Octopus King)
  5327 | D:7      | Aim: a wight, wielding a +2 battleaxe and wearing a +0 robe
                  | (heavily damaged, ally target, about 30% to evade the +8
                  | trident of the Octopus King)
  5327 | D:7      | Aim: a wight, wielding a +2 battleaxe and wearing a +0 robe
                  | (heavily damaged, ally target, about 30% to evade the +8
                  | trident of the Octopus King)
  5328 | D:7      | Reached skill level 6 in Fighting
  5329 | D:7      | Aim: a wight, wielding a +2 spear and wearing a +0 robe
                  | (ally target, about 29% to evade the +8 trident of the
                  | Octopus King)
  5329 | D:7      | Aim: a wight, wielding a +2 spear and wearing a +0 robe
                  | (ally target, about 29% to evade the +8 trident of the
                  | Octopus King)
  5330 | D:7      | Aim: a wight, wielding a +2 spear and wearing a +0 robe
                  | (heavily damaged, ally target, about 29% to evade the +8
                  | trident of the Octopus King)
  5330 | D:7      | Aim: a wight, wielding a +2 spear and wearing a +0 robe
                  | (heavily damaged, ally target, about 29% to evade the +8
                  | trident of the Octopus King)
  5331 | D:7      | Reached skill level 6 in Polearms
  5331 | D:7      | Aim: a wight, wielding a +3 battleaxe and wearing a +0 robe
                  | (about 29% to evade the +8 trident of the Octopus King)
  5331 | D:7      | Aim: a wight, wielding a +3 battleaxe and wearing a +0 robe
                  | (about 29% to evade the +8 trident of the Octopus King)
  5332 | D:7      | Aim: a wight, wielding a +3 battleaxe and wearing a +0 robe
                  | (severely damaged, not watching you, ally target, about 29%
                  | to evade the +8 trident of the Octopus King)
  5332 | D:7      | Aim: a wight, wielding a +3 battleaxe and wearing a +0 robe
                  | (severely damaged, not watching you, ally target, about 29%
                  | to evade the +8 trident of the Octopus King)
  5334 | D:7      | Aim: a wight, wielding a +2 flail and wearing a +0 robe
                  | (about 29% to evade the +8 trident of the Octopus King)
  5334 | D:7      | Aim: a wight, wielding a +2 flail and wearing a +0 robe
                  | (about 29% to evade the +8 trident of the Octopus King)
  5335 | D:7      | Aim: a wight, wielding a +2 flail and wearing a +0 robe
                  | (almost destroyed, about 29% to evade the +8 trident of the
                  | Octopus King)
  5335 | D:7      | Aim: a wight, wielding a +2 flail and wearing a +0 robe
                  | (almost destroyed, about 29% to evade the +8 trident of the
                  | Octopus King)
  5336 | D:7      | Aim: a wight, wielding a +2 flail and wearing a +0 robe
                  | (almost destroyed, about 29% to evade the +8 trident of the
                  | Octopus King)
  5336 | D:7      | Aim: a wight, wielding a +2 flail and wearing a +0 robe
                  | (almost destroyed, about 29% to evade the +8 trident of the
                  | Octopus King)
  5397 | D:7      | Found Pub Niepn's Antique Armour Boutique.
  5420 | D:7      | Aim: an orc priest, wielding a +0 whip and wearing a +0
                  | ring mail (severely wounded, not watching you, ally target,
                  | about 26% to evade the +8 trident of the Octopus King)
  5420 | D:7      | Aim: an orc priest, wielding a +0 whip and wearing a +0
                  | ring mail (severely wounded, not watching you, ally target,
                  | about 26% to evade the +8 trident of the Octopus King)
  5421 | D:7      | Aim: an orc priest, wielding a +0 dagger (moderately
                  | wounded, ally target, about 29% to evade the +8 trident of
                  | the Octopus King)
  5421 | D:7      | Aim: an orc priest, wielding a +0 dagger (moderately
                  | wounded, ally target, about 29% to evade the +8 trident of
                  | the Octopus King)
  5422 | D:7      | Aim: an orc priest, wielding a +0 dagger (moderately
                  | wounded, ally target, about 29% to evade the +8 trident of
                  | the Octopus King)
  5422 | D:7      | Aim: an orc priest, wielding a +0 dagger (moderately
                  | wounded, ally target, about 29% to evade the +8 trident of
                  | the Octopus King)
  5549 | D:7      | You fall into a shaft and drop 2 floors!
  5554 | D:9      | Noticed a polar bear
  5573 | D:9      | Reached skill level 7 in Polearms
  5576 | D:9      | Reached skill level 8 in Polearms
  5589 | D:8      | Gained mutation: You have a pair of small horns on your
                  | head. [demonic ancestry]
  5589 | D:8      | Reached XP level 9. HP: 60/62 MP: 12/12
  5614 | D:8      | Noticed Erica
  5643 | D:8      | Killed Erica
  5644 | D:8      | Reached skill level 9 in Polearms
  5754 | D:7      | Reached skill level 10 in Polearms
  5754 | D:7      | Reached skill level 2 in Dodging
  5857 | D:7      | Found a flagged portal.
  5865 | Bailey   | Entered a bailey
  5931 | Bailey   | Aim: a spriggan, wielding a +0 spear (about 46% to evade
                  | the +8 trident of the Octopus King)
  5931 | Bailey   | Aim: a spriggan, wielding a +0 spear (about 46% to evade
                  | the +8 trident of the Octopus King)
  5932 | Bailey   | Aim: a spriggan, wielding a +0 spear (lightly wounded,
                  | about 46% to evade the +8 trident of the Octopus King)
  5932 | Bailey   | Aim: a spriggan, wielding a +0 spear (lightly wounded,
                  | about 46% to evade the +8 trident of the Octopus King)
  5933 | Bailey   | Aim: a spriggan, wielding a +0 spear (moderately wounded,
                  | about 46% to evade the +8 trident of the Octopus King)
  5933 | Bailey   | Aim: a spriggan, wielding a +0 spear (moderately wounded,
                  | about 46% to evade the +8 trident of the Octopus King)
  5934 | Bailey   | Aim: a spriggan, wielding a +0 spear (severely wounded,
                  | extremely poisoned, about 46% to evade the +8 trident of
                  | the Octopus King)
  5934 | Bailey   | Aim: a spriggan, wielding a +0 spear (severely wounded,
                  | extremely poisoned, about 46% to evade the +8 trident of
                  | the Octopus King)
  5935 | Bailey   | Reached skill level 3 in Dodging
  5938 | Bailey   | Aim: a spriggan, wielding a +0 spear (almost dead, about
                  | 46% to evade the +8 trident of the Octopus King)
  5938 | Bailey   | Aim: a spriggan, wielding a +0 spear (almost dead, about
                  | 46% to evade the +8 trident of the Octopus King)
  5939 | Bailey   | Reached skill level 4 in Dodging
  6000 | Bailey   | Aim: a spriggan, wielding a +0 spear (ally target, about
                  | 46% to evade the +8 trident of the Octopus King)
  6000 | Bailey   | Aim: a spriggan, wielding a +0 spear (ally target, about
                  | 46% to evade the +8 trident of the Octopus King)
  6003 | Bailey   | Aim: a spriggan, wielding a +0 spear (severely wounded,
                  | very poisoned, ally target, about 46% to evade the +8
                  | trident of the Octopus King)
  6003 | Bailey   | Aim: a spriggan, wielding a +0 spear (severely wounded,
                  | very poisoned, ally target, about 46% to evade the +8
                  | trident of the Octopus King)
  6004 | Bailey   | Aim: a spriggan, wielding a +0 spear (almost dead,
                  | extremely poisoned, ally target, about 46% to evade the +8
                  | trident of the Octopus King)
  6004 | Bailey   | Aim: a spriggan, wielding a +0 spear (almost dead,
                  | extremely poisoned, ally target, about 46% to evade the +8
                  | trident of the Octopus King)
  6011 | Bailey   | Reached skill level 5 in Dodging
  6197 | Bailey   | Gained mutation: Your demonic aura sometimes causes spilled
                  | blood to erupt in flames. [demonic ancestry]
  6197 | Bailey   | Reached XP level 10. HP: 68/68 MP: 13/13
  6237 | Bailey   | Noticed a two-headed ogre
  6256 | Bailey   | Aim: a two-headed ogre, wielding two +0 halberds (almost
                  | dead, unaware, hasn't noticed you, about 17% to evade the
                  | +8 trident of the Octopus King)
  6256 | Bailey   | Aim: a two-headed ogre, wielding two +0 halberds (almost
                  | dead, unaware, hasn't noticed you, about 17% to evade the
                  | +8 trident of the Octopus King)
  6257 | Bailey   | Aim: a two-headed ogre, wielding two +0 halberds (almost
                  | dead, poisoned, about 17% to evade the +8 trident of the
                  | Octopus King)
  6257 | Bailey   | Aim: a two-headed ogre, wielding two +0 halberds (almost
                  | dead, poisoned, about 17% to evade the +8 trident of the
                  | Octopus King)
  6257 | Bailey   | Killed a two-headed ogre
  6258 | Bailey   | Reached skill level 6 in Dodging
  6403 | D:7      | Found Hofucwucs's Neck Hole.
  6798 | D:7      | Reached *** piety under Hepliaklqana
  6889 | D:7      | Found an opulent altar of Gozag.
  6889 | D:7      | Noticed Prince Ribbit
  6894 | D:7      | Killed Prince Ribbit
  6895 | D:7      | Reached skill level 1 in Armour
  7245 | D:8      | You pick up a book of Annihilations and begin reading...
  7245 | D:8      | You add the spells Chain Lightning, Fire Storm and Shatter
                  | to your library.
  7338 | D:8      | Noticed Gastronok
  7358 | D:8      | Killed Gastronok
  7359 | D:8      | Reached skill level 7 in Fighting
  7359 | D:8      | Reached skill level 3 in Armour
  7786 | D:8      | Reached skill level 1 in Shields
  7931 | D:9      | Found a staircase to the Orcish Mines.
  7931 | D:9      | Noticed a two-headed ogre
  7938 | D:9      | Aim: a two-headed ogre, wielding two +0 giant clubs
                  | (moderately wounded, about 17% to evade the +8 trident of
                  | the Octopus King)
  7938 | D:9      | Aim: a two-headed ogre, wielding two +0 giant clubs
                  | (moderately wounded, about 17% to evade the +8 trident of
                  | the Octopus King)
  7939 | D:9      | Aim: a two-headed ogre, wielding two +0 giant clubs
                  | (moderately wounded, very poisoned, about 17% to evade the
                  | +8 trident of the Octopus King)
  7939 | D:9      | Aim: a two-headed ogre, wielding two +0 giant clubs
                  | (moderately wounded, very poisoned, about 17% to evade the
                  | +8 trident of the Octopus King)
  7940 | D:9      | Aim: a two-headed ogre, wielding two +0 giant clubs
                  | (heavily wounded, very poisoned, about 17% to evade the +8
                  | trident of the Octopus King)
  7940 | D:9      | Aim: a two-headed ogre, wielding two +0 giant clubs
                  | (heavily wounded, very poisoned, about 17% to evade the +8
                  | trident of the Octopus King)
  7941 | D:9      | Aim: a two-headed ogre, wielding two +0 giant clubs
                  | (severely wounded, extremely poisoned, about 17% to evade
                  | the +8 trident of the Octopus King)
  7941 | D:9      | Aim: a two-headed ogre, wielding two +0 giant clubs
                  | (severely wounded, extremely poisoned, about 17% to evade
                  | the +8 trident of the Octopus King)
  7942 | D:9      | Aim: a two-headed ogre, wielding two +0 giant clubs (almost
                  | dead, extremely poisoned, about 17% to evade the +8 trident
                  | of the Octopus King)
  7942 | D:9      | Aim: a two-headed ogre, wielding two +0 giant clubs (almost
                  | dead, extremely poisoned, about 17% to evade the +8 trident
                  | of the Octopus King)
  7942 | D:9      | Killed a two-headed ogre
  7943 | D:9      | Gained mutation: A weak demonic guardian rushes to your
                  | aid. [demonic ancestry]
  7943 | D:9      | Reached XP level 11. HP: 77/77 MP: 11/14
  8006 | D:9      | Reached skill level 4 in Armour
  8009 | D:9      | Reached skill level 11 in Polearms
  8012 | D:9      | Reached skill level 8 in Fighting
  8012 | D:9      | Reached skill level 2 in Shields
  8315 | D:9      | Reached skill level 3 in Shields
  8416 | D:9      | Found a staircase to the Lair.
  8503 | D:9      | Reached **** piety under Hepliaklqana
  8650 | D:9      | Reached skill level 4 in Shields
  8864 | D:9      | Identified the +3 robe of Miracles {Int+3}
  8877 | D:10     | Entered Level 10 of the Dungeon
  9027 | D:10     | You pick up a book of Callings and begin reading...
  9190 | D:10     | Learned a level 3 spell: Ozocubu's Armour
  9314 | D:10     | Reached skill level 12 in Polearms
  9314 | D:10     | Reached skill level 5 in Shields
  9505 | D:10     | Reached skill level 3 in Spellcasting
  9505 | D:10     | Reached skill level 6 in Ice Magic
  9657 | Lair:1   | Entered Level 1 of the Lair of Beasts
  9828 | Lair:1   | Reached skill level 4 in Spellcasting
  9840 | Lair:1   | Noticed a death yak
  9843 | Lair:1   | Noticed a death yak
  9844 | Lair:1   | Noticed a death yak
  9846 | Lair:1   | Noticed a death yak
  9846 | Lair:1   | Noticed a death yak
  9849 | Lair:1   | Killed a death yak
  9850 | Lair:1   | Reached skill level 7 in Ice Magic
  9850 | Lair:1   | Noticed a death yak
  9855 | Lair:1   | Killed a death yak
  9856 | Lair:1   | Gained mutation: Your demonic aura often causes spilled
                  | blood to erupt in flames. [demonic ancestry]
  9856 | Lair:1   | Reached XP level 12. HP: 79/83 MP: 15/18
  9859 | Lair:1   | Killed a death yak
  9861 | Lair:1   | Killed a death yak
  9862 | Lair:1   | Killed a death yak
  9867 | Lair:1   | Killed a death yak
  9868 | Lair:1   | Reached skill level 9 in Fighting
  9963 | Lair:1   | You pick up a book of Necromancy and begin reading...
  9963 | Lair:1   | You add the spells Necrotise and Agony to your library.
 10023 | Lair:1   | Noticed a boulder beetle
 10049 | Lair:1   | Killed a boulder beetle
 10057 | Lair:1   | Reached skill level 13 in Polearms
 10234 | Lair:1   | You pick up a book of Callings and begin reading...
 10251 | Lair:1   | Reached skill level 10 in Fighting
 10288 | Lair:1   | Identified the +6 falchion of the Mushroom {vamp, rPois
                  | Will+ Stlth+}
 10391 | Lair:1   | Reached ***** piety under Hepliaklqana
 11131 | Lair:2   | Reached skill level 14 in Polearms
 11133 | Lair:2   | Reached skill level 1 in Invocations
 11148 | Lair:2   | Reached skill level 2 in Invocations
 11345 | Lair:2   | Found a hole to the Spider Nest.
 11761 | Lair:2   | Reached skill level 3 in Invocations
 11897 | Lair:3   | You add the spells Vhi's Electric Charge, Arcjolt and
                  | Maxwell's Capacitive Coupling to your library.
 11963 | Lair:3   | Gained mutation: You have a pair of horns on your head.
                  | [demonic ancestry]
 11963 | Lair:3   | Reached XP level 13. HP: 93/93 MP: 12/19
 11970 | Lair:3   | Reached skill level 4 in Invocations
 12062 | Lair:3   | You fall into a shaft and drop 2 floors!
 12062 | Lair:5   | Entered Level 5 of the Lair of Beasts
 12170 | Lair:4   | Reached skill level 5 in Invocations
 12233 | Lair:4   | Reached skill level 11 in Fighting
 12234 | Lair:4   | Reached skill level 6 in Invocations
 12477 | Lair:4   | Reached skill level 7 in Invocations
 12536 | Lair:4   | Found a viscous altar of Jiyva.
 12569 | Lair:4   | Found a staircase to the Slime Pits.
 13261 | Lair:3   | Reached skill level 8 in Invocations
 13318 | Lair:3   | Noticed Snorg
 13330 | Lair:3   | Killed Snorg
 13771 | Lair:5   | Reached skill level 12 in Fighting
 13774 | Lair:5   | Reached skill level 9 in Invocations
 13796 | Lair:5   | Reached skill level 10 in Invocations
 13997 | Lair:5   | Noticed a dire elephant
 13997 | Lair:5   | Noticed a dire elephant
 13997 | Lair:5   | Noticed a dire elephant
 13998 | Lair:5   | Noticed a dire elephant
 14331 | Lair:5   | Reached skill level 5 in Armour
 14510 | Lair:5   | Reached skill level 7 in Dodging
 14547 | Lair:5   | You add the spells Malign Gateway and Summon Horrible
                  | Things to your library.
 14573 | Lair:5   | Gained mutation: You have a pair of large horns on your
                  | head. [demonic ancestry]
 14573 | Lair:5   | Reached XP level 14. HP: 101/103 MP: 21/21
 14889 | Orc:1    | Entered Level 1 of the Orcish Mines
 14889 | Orc:1    | Noticed Josephine
 14894 | Orc:1    | Aim: Josephine, wielding a +0 dagger and wearing a +0 robe
                  | (about 24% to evade the +8 trident of the Octopus King)
 14895 | Orc:1    | Aim: Josephine, wielding a +0 dagger and wearing a +0 robe
                  | (about 24% to evade the +8 trident of the Octopus King)
 14895 | Orc:1    | Aim: Josephine, wielding a +0 dagger and wearing a +0 robe
                  | (about 24% to evade the +8 trident of the Octopus King)
 14896 | Orc:1    | Aim: Josephine, wielding a +0 dagger and wearing a +0 robe
                  | (lightly wounded, very poisoned, about 24% to evade the +8
                  | trident of the Octopus King)
 14896 | Orc:1    | Aim: Josephine, wielding a +0 dagger and wearing a +0 robe
                  | (lightly wounded, very poisoned, about 24% to evade the +8
                  | trident of the Octopus King)
 14897 | Orc:1    | Aim: Josephine, wielding a +0 dagger and wearing a +0 robe
                  | (moderately wounded, very poisoned, about 24% to evade the
                  | +8 trident of the Octopus King)
 14897 | Orc:1    | Aim: Josephine, wielding a +0 dagger and wearing a +0 robe
                  | (moderately wounded, very poisoned, about 24% to evade the
                  | +8 trident of the Octopus King)
 14898 | Orc:1    | Aim: Josephine, wielding a +0 dagger and wearing a +0 robe
                  | (flame, almost dead, not watching you, extremely poisoned,
                  | ally target, about 24% to evade the +8 trident of the
                  | Octopus King)
 14898 | Orc:1    | Aim: Josephine, wielding a +0 dagger and wearing a +0 robe
                  | (flame, almost dead, not watching you, extremely poisoned,
                  | ally target, about 24% to evade the +8 trident of the
                  | Octopus King)
 14898 | Orc:1    | Killed Josephine
 14903 | Orc:1    | Aim: an orc warrior, wielding a +0 trident and wearing a +0
                  | plate armour (flame, lightly wounded, ally target, about
                  | 24% to evade the +8 trident of the Octopus King)
 14903 | Orc:1    | Aim: an orc warrior, wielding a +0 trident and wearing a +0
                  | plate armour (flame, lightly wounded, ally target, about
                  | 24% to evade the +8 trident of the Octopus King)
 14906 | Orc:1    | Aim: an orc, wielding a +0 hand axe and wearing a +0
                  | leather armour (about 24% to evade the +8 trident of the
                  | Octopus King)
 14906 | Orc:1    | Aim: an orc, wielding a +0 hand axe and wearing a +0
                  | leather armour (about 24% to evade the +8 trident of the
                  | Octopus King)
 14907 | Orc:1    | Aim: an orc, wielding a +0 hand axe and wearing a +0
                  | leather armour (moderately wounded, very poisoned, about
                  | 24% to evade the +8 trident of the Octopus King)
 14907 | Orc:1    | Aim: an orc, wielding a +0 hand axe and wearing a +0
                  | leather armour (moderately wounded, very poisoned, about
                  | 24% to evade the +8 trident of the Octopus King)
 14911 | Orc:1    | Reached skill level 6 in Armour
 15038 | Orc:1    | Found a frozen archway.
 15156 | IceCv    | Entered an ice cave
 15337 | IceCv    | Reached skill level 1 in Evocations
 15579 | IceCv    | Reached skill level 8 in Dodging
 15681 | IceCv    | You pick up a book of Scorching and begin reading...
 15681 | IceCv    | You add the spells Scorch, Flame Wave and Summon Cactus
                  | Giant to your library.
 15803 | Orc:1    | Reached skill level 2 in Evocations
 15855 | Orc:2    | Entered Level 2 of the Orcish Mines
 15888 | Orc:2    | Noticed a stone giant
 15898 | Orc:2    | Aim: an orc warrior, wielding a +0 long sword and wearing a
                  | +0 chain mail (almost dead, poisoned, about 26% to evade
                  | the +8 trident of the Octopus King)
 15898 | Orc:2    | Aim: an orc warrior, wielding a +0 long sword and wearing a
                  | +0 chain mail (almost dead, poisoned, about 26% to evade
                  | the +8 trident of the Octopus King)
 15900 | Orc:2    | Aim: an orc, wielding a +1 heavy mace (about 24% to evade
                  | the +8 trident of the Octopus King)
 15900 | Orc:2    | Aim: an orc, wielding a +1 heavy mace (about 24% to evade
                  | the +8 trident of the Octopus King)
 15901 | Orc:2    | Aim: an orc, wielding a +1 heavy mace (almost dead, about
                  | 24% to evade the +8 trident of the Octopus King)
 15901 | Orc:2    | Aim: an orc, wielding a +1 heavy mace (almost dead, about
                  | 24% to evade the +8 trident of the Octopus King)
 15902 | Orc:2    | Aim: an orc, wielding a +0 dagger and wearing a +0 leather
                  | armour (about 24% to evade the +8 trident of the Octopus
                  | King)
 15902 | Orc:2    | Aim: an orc, wielding a +0 dagger and wearing a +0 leather
                  | armour (about 24% to evade the +8 trident of the Octopus
                  | King)
 15903 | Orc:2    | Aim: an orc, wielding a +0 dagger and wearing a +0 leather
                  | armour (heavily wounded, very poisoned, about 24% to evade
                  | the +8 trident of the Octopus King)
 15903 | Orc:2    | Aim: an orc, wielding a +0 dagger and wearing a +0 leather
                  | armour (heavily wounded, very poisoned, about 24% to evade
                  | the +8 trident of the Octopus King)
 15970 | Orc:2    | Killed a stone giant
 16067 | Orc:2    | Found Uleuxapro's General Store.
 16084 | Orc:2    | Reached skill level 3 in Evocations
 16139 | Orc:2    | Found Rienez's Antique Weapon Shoppe.
 16180 | Orc:2    | Found a staircase to the Elven Halls.
 16332 | Orc:2    | Found Maihagha's Antique Weapon Shoppe.
 16352 | Orc:2    | Aim: an ettin, wielding two +0 great maces (lightly
                  | wounded, about 11% to evade the +8 trident of the Octopus
                  | King)
 16352 | Orc:2    | Aim: an ettin, wielding two +0 great maces (lightly
                  | wounded, about 11% to evade the +8 trident of the Octopus
                  | King)
 16353 | Orc:2    | Aim: an ettin, wielding two +0 great maces (flame, severely
                  | wounded, not watching you, extremely poisoned, ally target,
                  | about 11% to evade the +8 trident of the Octopus King)
 16353 | Orc:2    | Aim: an ettin, wielding two +0 great maces (flame, severely
                  | wounded, not watching you, extremely poisoned, ally target,
                  | about 11% to evade the +8 trident of the Octopus King)
 16354 | Orc:2    | Aim: an orc warrior, wielding a +0 short sword and wearing
                  | a +0 chain mail (lightly wounded, about 26% to evade the +8
                  | trident of the Octopus King)
 16354 | Orc:2    | Aim: an orc warrior, wielding a +0 short sword and wearing
                  | a +0 chain mail (lightly wounded, about 26% to evade the +8
                  | trident of the Octopus King)
 16355 | Orc:2    | Aim: an orc warrior, wielding a +0 short sword and wearing
                  | a +0 chain mail (lightly wounded, very poisoned, ally
                  | target, about 26% to evade the +8 trident of the Octopus
                  | King)
 16355 | Orc:2    | Aim: an orc warrior, wielding a +0 short sword and wearing
                  | a +0 chain mail (lightly wounded, very poisoned, ally
                  | target, about 26% to evade the +8 trident of the Octopus
                  | King)
 16356 | Orc:2    | Aim: an orc warrior, wielding a +0 short sword and wearing
                  | a +0 chain mail (flame, severely wounded, very poisoned,
                  | ally target, about 26% to evade the +8 trident of the
                  | Octopus King)
 16356 | Orc:2    | Aim: an orc warrior, wielding a +0 short sword and wearing
                  | a +0 chain mail (flame, severely wounded, very poisoned,
                  | ally target, about 26% to evade the +8 trident of the
                  | Octopus King)
 16407 | Orc:2    | Reached skill level 4 in Evocations
 16426 | Orc:2    | Found Wemudun's Book Shoppe.
 16511 | Orc:2    | Reached ****** piety under Hepliaklqana
 16599 | Orc:2    | Found Zireunes's Antique Armour Boutique.
 16604 | Orc:2    | Reached skill level 9 in Dodging
 16900 | D:1      | Bought the ring of the Hare {EV+10} for 1664 gold pieces
 16900 | D:1      | Found the ring of the Hare {EV+10}
 17109 | D:11     | Reached skill level 5 in Evocations
 17334 | D:11     | Identified a scroll of acquirement
 17335 | D:11     | Acquired the ring "Udamud" {+Blink Will+ Dex+2}
 17747 | D:11     | Identified the +9 hand axe of the Winnowing Augurer {heavy,
                  | Drain rF+ Dex+2}
 18149 | D:12     | Reached skill level 6 in Evocations
 18276 | D:12     | Reached skill level 10 in Dodging
 18894 | D:12     | Found an ancient bone altar of Kikubaaqudgha.
 19116 | D:13     | Noticed Lodul
 19142 | D:12     | Reached skill level 11 in Dodging
 19487 | D:13     | Reached XP level 15. HP: 108/108 MP: 22/22
 19543 | D:13     | Killed Lodul
 19571 | D:13     | Noticed Rupert
 19579 | D:13     | Killed Rupert
 19694 | D:13     | Found a gate to the Vaults.
 20041 | D:14     | Reached skill level 12 in Dodging
 20395 | D:14     | Reached skill level 13 in Fighting
 20441 | D:14     | You pick up a book of the Earth and begin reading...
 20441 | D:14     | You add the spells Leda's Liquefaction, Lee's Rapid
                  | Deconstruction and Bombard to your library.
 21071 | D:15     | Entered Level 15 of the Dungeon
 21099 | D:15     | Found a staircase to the Depths.
 21099 | D:15     | Noticed a fire giant
 21508 | D:15     | You pick up a book of Minor Magic and begin reading...
 21508 | D:15     | You add the spells Magic Dart, Call Imp and Mephitic Cloud
                  | to your library.
 21579 | D:15     | Aim: a fire giant, wielding a +3 great sword of flaming
                  | (almost dead, weak-willed, about 11% to evade the +8
                  | trident of the Octopus King)
 21579 | D:15     | Aim: a fire giant, wielding a +3 great sword of flaming
                  | (almost dead, weak-willed, about 11% to evade the +8
                  | trident of the Octopus King)
 21580 | D:15     | Aim: a fire giant, wielding a +3 great sword of flaming
                  | (flame, almost dead, very poisoned, weak-willed, about 11%
                  | to evade the +8 trident of the Octopus King)
 21580 | D:15     | Aim: a fire giant, wielding a +3 great sword of flaming
                  | (flame, almost dead, very poisoned, weak-willed, about 11%
                  | to evade the +8 trident of the Octopus King)
 21581 | D:15     | Aim: a fire giant, wielding a +3 great sword of flaming
                  | (flame, almost dead, very poisoned, weak-willed, about 11%
                  | to evade the +8 trident of the Octopus King)
 21581 | D:15     | Aim: a fire giant, wielding a +3 great sword of flaming
                  | (flame, almost dead, very poisoned, weak-willed, about 11%
                  | to evade the +8 trident of the Octopus King)
 21581 | D:15     | Killed a fire giant
 21604 | D:15     | Reached skill level 14 in Fighting
 21932 | D:15     | You pick up a book of the Dragon and begin reading...
 21932 | D:15     | You add the spells Cause Fear, Fireball and Dragon's Call
                  | to your library.
 22375 | Orc:2    | Bought a translucent chain mail for 180 gold pieces
 22375 | Orc:2    | Identified the +2 chain mail of the Sunfish {rN+ Slay+2}
                  | (You bought it in a shop on level 2 of the Orcish Mines)
 22376 | Orc:2    | Bought a spiked ring mail for 171 gold pieces
 22376 | Orc:2    | Identified the +2 ring mail "Ceral" {*Corrode rPois rF+++
                  | Str-2} (You bought it in a shop on level 2 of the Orcish
                  | Mines)
 22378 | Orc:2    | Bought the +2 pair of slick slippers {slick, slippery,
                  | EV+4} for 727 gold pieces
 22378 | Orc:2    | Found the +2 pair of slick slippers {slick, slippery, EV+4}
 22483 | Lair:3   | Found a staircase to the Swamp.
 22568 | Swamp:1  | Entered Level 1 of the Swamp
 22720 | Swamp:1  | Reached skill level 7 in Armour
 23022 | Swamp:1  | Noticed Donald
 23030 | Swamp:1  | Aim: Donald, wielding a +0 scimitar, wearing a +2 chain
                  | mail of willpower and wearing a +0 kite shield of
                  | reflection (ally target, reflecting blocked projectiles,
                  | about 17% to evade the +8 trident of the Octopus King)
 23030 | Swamp:1  | Aim: Donald, wielding a +0 scimitar, wearing a +2 chain
                  | mail of willpower and wearing a +0 kite shield of
                  | reflection (ally target, reflecting blocked projectiles,
                  | about 17% to evade the +8 trident of the Octopus King)
 23031 | Swamp:1  | Aim: Donald, wielding a +0 scimitar, wearing a +2 chain
                  | mail of willpower and wearing a +0 kite shield of
                  | reflection (lightly wounded, ally target, reflecting
                  | blocked projectiles, about 17% to evade the +8 trident of
                  | the Octopus King)
 23031 | Swamp:1  | Aim: Donald, wielding a +0 scimitar, wearing a +2 chain
                  | mail of willpower and wearing a +0 kite shield of
                  | reflection (lightly wounded, ally target, reflecting
                  | blocked projectiles, about 17% to evade the +8 trident of
                  | the Octopus King)
 23032 | Swamp:1  | Aim: Donald, wielding a +0 scimitar, wearing a +2 chain
                  | mail of willpower and wearing a +0 kite shield of
                  | reflection (flame, moderately wounded, strong, very
                  | poisoned, ally target, reflecting blocked projectiles,
                  | about 17% to evade the +8 trident of the Octopus King)
 23032 | Swamp:1  | Aim: Donald, wielding a +0 scimitar, wearing a +2 chain
                  | mail of willpower and wearing a +0 kite shield of
                  | reflection (flame, moderately wounded, strong, very
                  | poisoned, ally target, reflecting blocked projectiles,
                  | about 17% to evade the +8 trident of the Octopus King)
 23033 | Swamp:1  | Aim: Donald, wielding a +0 scimitar, wearing a +2 chain
                  | mail of willpower and wearing a +0 kite shield of
                  | reflection (flame, moderately wounded, strong, extremely
                  | poisoned, ally target, reflecting blocked projectiles,
                  | about 17% to evade the +8 trident of the Octopus King)
 23033 | Swamp:1  | Aim: Donald, wielding a +0 scimitar, wearing a +2 chain
                  | mail of willpower and wearing a +0 kite shield of
                  | reflection (flame, moderately wounded, strong, extremely
                  | poisoned, ally target, reflecting blocked projectiles,
                  | about 17% to evade the +8 trident of the Octopus King)
 23034 | Swamp:1  | Aim: Donald, wielding a +0 scimitar, wearing a +2 chain
                  | mail of willpower and wearing a +0 kite shield of
                  | reflection (flame, severely wounded, strong, not watching
                  | you, extremely poisoned, ally target, reflecting blocked
                  | projectiles, about 17% to evade the +8 trident of the
                  | Octopus King)
 23034 | Swamp:1  | Aim: Donald, wielding a +0 scimitar, wearing a +2 chain
                  | mail of willpower and wearing a +0 kite shield of
                  | reflection (flame, severely wounded, strong, not watching
                  | you, extremely poisoned, ally target, reflecting blocked
                  | projectiles, about 17% to evade the +8 trident of the
                  | Octopus King)
 23034 | Swamp:1  | Killed Donald
 23448 | Swamp:2  | You pick up a book of Changes and begin reading...
 23448 | Swamp:2  | You add the spells Wereblood and Irradiate to your library.
 23528 | Swamp:2  | Learned a level 2 spell: Wereblood
 23576 | Swamp:2  | Reached skill level 1 in Transmutations
 23626 | Swamp:2  | Noticed a tentacled monstrosity
 23651 | Swamp:2  | Killed a tentacled monstrosity
 23652 | Swamp:2  | Reached skill level 2 in Transmutations
 23652 | Swamp:2  | Reached XP level 16. HP: 108/119 MP: 17/23
 23753 | Swamp:2  | Reached skill level 3 in Transmutations
 24021 | Swamp:2  | You fall into a shaft and drop 1 floor!
 24032 | Swamp:3  | Reached skill level 4 in Transmutations
 24302 | Swamp:3  | Reached skill level 5 in Transmutations
 24381 | Swamp:3  | HP: 18/119 [will-o-the-wisp/foxfire (12)]
 25082 | Swamp:2  | Noticed Roxanne
 25166 | Swamp:4  | Entered Level 4 of the Swamp
 25179 | Swamp:4  | Aim: a spriggan rider, wielding a +0 spear (steam, about
                  | 39% to evade the +8 trident of the Octopus King)
 25179 | Swamp:4  | Aim: a spriggan rider, wielding a +0 spear (steam, about
                  | 39% to evade the +8 trident of the Octopus King)
 25181 | Swamp:4  | Reached skill level 6 in Transmutations
 25182 | Swamp:4  | Aim: a spriggan rider, wielding a +0 spear (steam, ally
                  | target, about 39% to evade the +8 trident of the Octopus
                  | King)
 25182 | Swamp:4  | Aim: a spriggan rider, wielding a +0 spear (steam, ally
                  | target, about 39% to evade the +8 trident of the Octopus
                  | King)
 25183 | Swamp:4  | Aim: a spriggan rider, wielding a +0 spear (moderately
                  | wounded, ally target, about 39% to evade the +8 trident of
                  | the Octopus King)
 25183 | Swamp:4  | Aim: a spriggan rider, wielding a +0 spear (moderately
                  | wounded, ally target, about 39% to evade the +8 trident of
                  | the Octopus King)
 25184 | Swamp:4  | Aim: a spriggan rider, wielding a +0 spear (moderately
                  | wounded, very poisoned, ally target, about 39% to evade the
                  | +8 trident of the Octopus King)
 25184 | Swamp:4  | Aim: a spriggan rider, wielding a +0 spear (moderately
                  | wounded, very poisoned, ally target, about 39% to evade the
                  | +8 trident of the Octopus King)
 25185 | Swamp:4  | Aim: a spriggan, wielding a +0 spear (almost dead, not
                  | watching you, extremely poisoned, ally target, about 39% to
                  | evade the +8 trident of the Octopus King)
 25185 | Swamp:4  | Aim: a spriggan, wielding a +0 spear (almost dead, not
                  | watching you, extremely poisoned, ally target, about 39% to
                  | evade the +8 trident of the Octopus King)
 25191 | Swamp:4  | Aim: a spriggan druid, wielding a +0 quarterstaff and
                  | wearing a +0 robe (about 38% to evade the +8 trident of the
                  | Octopus King)
 25191 | Swamp:4  | Aim: a spriggan druid, wielding a +0 quarterstaff and
                  | wearing a +0 robe (about 38% to evade the +8 trident of the
                  | Octopus King)
 25192 | Swamp:4  | Aim: a spriggan druid, wielding a +0 quarterstaff and
                  | wearing a +0 robe (moderately wounded, extremely poisoned,
                  | about 38% to evade the +8 trident of the Octopus King)
 25192 | Swamp:4  | Aim: a spriggan druid, wielding a +0 quarterstaff and
                  | wearing a +0 robe (moderately wounded, extremely poisoned,
                  | about 38% to evade the +8 trident of the Octopus King)
 25193 | Swamp:4  | Aim: a spriggan druid, wielding a +0 quarterstaff and
                  | wearing a +0 robe (moderately wounded, extremely poisoned,
                  | about 38% to evade the +8 trident of the Octopus King)
 25193 | Swamp:4  | Aim: a spriggan druid, wielding a +0 quarterstaff and
                  | wearing a +0 robe (moderately wounded, extremely poisoned,
                  | about 38% to evade the +8 trident of the Octopus King)
 25194 | Swamp:4  | Aim: a spriggan druid, wielding a +0 quarterstaff and
                  | wearing a +0 robe (heavily wounded, extremely poisoned,
                  | about 38% to evade the +8 trident of the Octopus King)
 25194 | Swamp:4  | Aim: a spriggan druid, wielding a +0 quarterstaff and
                  | wearing a +0 robe (heavily wounded, extremely poisoned,
                  | about 38% to evade the +8 trident of the Octopus King)
 25195 | Swamp:4  | Aim: a spriggan druid, wielding a +0 quarterstaff and
                  | wearing a +0 robe (heavily wounded, extremely poisoned,
                  | about 38% to evade the +8 trident of the Octopus King)
 25195 | Swamp:4  | Aim: a spriggan druid, wielding a +0 quarterstaff and
                  | wearing a +0 robe (heavily wounded, extremely poisoned,
                  | about 38% to evade the +8 trident of the Octopus King)
 25196 | Swamp:4  | Aim: a spriggan druid, wielding a +0 quarterstaff and
                  | wearing a +0 robe (almost dead, extremely poisoned, about
                  | 38% to evade the +8 trident of the Octopus King)
 25196 | Swamp:4  | Aim: a spriggan druid, wielding a +0 quarterstaff and
                  | wearing a +0 robe (almost dead, extremely poisoned, about
                  | 38% to evade the +8 trident of the Octopus King)
 25201 | Swamp:4  | Reached skill level 13 in Dodging
 25221 | Swamp:4  | Reached skill level 8 in Armour
 25611 | Swamp:4  | Aim: a spriggan air mage, wielding a +0 mace and wearing a
                  | +0 robe (lightly wounded, repelling missiles, very
                  | poisoned, ally target, about 52% to evade the +8 trident of
                  | the Octopus King)
 25611 | Swamp:4  | Aim: a spriggan air mage, wielding a +0 mace and wearing a
                  | +0 robe (lightly wounded, repelling missiles, very
                  | poisoned, ally target, about 52% to evade the +8 trident of
                  | the Octopus King)
 25611 | Swamp:4  | Aim: a spriggan air mage, wielding a +0 mace and wearing a
                  | +0 robe (lightly wounded, repelling missiles, very
                  | poisoned, ally target, about 52% to evade the +8 trident of
                  | the Octopus King)
 25612 | Swamp:4  | Aim: a spriggan air mage, wielding a +0 mace and wearing a
                  | +0 robe (steam, severely wounded, repelling missiles, not
                  | watching you, very poisoned, ally target, about 52% to
                  | evade the +8 trident of the Octopus King)
 25612 | Swamp:4  | Aim: a spriggan air mage, wielding a +0 mace and wearing a
                  | +0 robe (steam, severely wounded, repelling missiles, not
                  | watching you, very poisoned, ally target, about 52% to
                  | evade the +8 trident of the Octopus King)
 25613 | Swamp:4  | Aim: a spriggan air mage, wielding a +0 mace and wearing a
                  | +0 robe (steam, severely wounded, repelling missiles, very
                  | poisoned, ally target, about 52% to evade the +8 trident of
                  | the Octopus King)
 25613 | Swamp:4  | Aim: a spriggan air mage, wielding a +0 mace and wearing a
                  | +0 robe (steam, severely wounded, repelling missiles, very
                  | poisoned, ally target, about 52% to evade the +8 trident of
                  | the Octopus King)
 25628 | Swamp:4  | Reached skill level 14 in Dodging
 25827 | Swamp:4  | Reached skill level 6 in Shields
 25995 | Swamp:4  | You pick up a book of Storms and begin reading...
 25995 | Swamp:4  | You add the spells Static Discharge, Airstrike and Summon
                  | Lightning Spire to your library.
 26146 | Swamp:4  | Got a decaying rune of Zot
 26161 | Swamp:4  | You pick up a book of Touch and begin reading...
 26161 | Swamp:4  | You add the spells Kiss of Death, Confusing Touch and
                  | Dispel Undead to your library.
 26367 | Lair:3   | magus.rc [v1.9.6]
 26367 | Lair:3   | magus.rc [v1.9.6]
 26423 | Spider:1 | Entered Level 1 of the Spider Nest
 26603 | Spider:1 | Reached skill level 7 in Shields
 26971 | Spider:1 | Reached skill level 8 in Shields
 27268 | Spider:1 | Reached skill level 9 in Shields
 27393 | Spider:1 | Reached XP level 17. HP: 125/125 MP: 24/24
 27966 | Spider:1 | Paralysed by a hornet for 3 turns
 28369 | Spider:2 | Reached skill level 10 in Shields
 28905 | Spider:2 | Reached skill level 11 in Shields
 29673 | Spider:3 | Noticed Nikola
 29827 | Spider:3 | Reached skill level 12 in Shields
 29925 | Spider:3 | Noticed Kirke
 29936 | Spider:3 | Killed Kirke
 30093 | Spider:3 | Noticed Asterion
 30105 | Spider:3 | Killed Asterion
 30291 | Spider:3 | Reached skill level 13 in Shields
 30298 | Spider:3 | You pick up a book of Ice and begin reading...
 30298 | Spider:3 | You add the spells Simulacrum, Ozocubu's Refrigeration and
                  | Polar Vortex to your library.
 31388 | Spider:4 | Entered Level 4 of the Spider Nest
 31397 | Spider:4 | Reached skill level 14 in Shields
 31557 | Spider:4 | Gained mutation: You have hooves in place of feet. [demonic
                  | ancestry]
 31557 | Spider:4 | Reached XP level 18. HP: 130/131 MP: 22/25
 32342 | Spider:4 | Noticed Arachne
 32667 | Spider:4 | Reached skill level 15 in Shields
 32702 | Spider:4 | Killed Arachne
 33185 | Spider:4 | Identified the +4 arbalest of Havoc {elec, rF+++ Dex-5
                  | Stlth+}
 33201 | Spider:4 | Identified the ring of the Messenger {Wiz Will+ Stlth+}
 33213 | Spider:4 | Identified the orb of Hangman {*channel, Int+2 Slay+2 SInv}
 33218 | Spider:4 | Got a gossamer rune of Zot
 33358 | Spider:4 | Gained mutation: You are somewhat resistant to further
                  | mutation. [potion of mutation]
 33641 | Vaults:1 | Entered Level 1 of the Vaults
 33642 | Vaults:1 | magus.rc [v1.9.6]
 34530 | Vaults:1 | Reached skill level 15 in Fighting
 34645 | Vaults:1 | Found Jycal's Book Boutique.
 34761 | Vaults:1 | Reached skill level 15 in Dodging
 34851 | Vaults:1 | Found a runed translucent door.
 34851 | Vaults:1 | Noticed Mll's ghost (journeyman HOBe)
 35576 | Vaults:2 | Identified the serpent talisman of the Supporting Gods
                  | {rElec rCorr}
 35576 | Vaults:2 | Noticed Aizul
 35586 | Vaults:2 | Aim: an ironbound convoker, wielding a +0 great mace and
                  | wearing a +0 ring mail (flame, severely wounded, chanting
                  | recall, not watching you, ally target, about 21% to evade
                  | the +8 trident of the Octopus King)
 35586 | Vaults:2 | Aim: an ironbound convoker, wielding a +0 great mace and
                  | wearing a +0 ring mail (flame, severely wounded, chanting
                  | recall, not watching you, ally target, about 21% to evade
                  | the +8 trident of the Octopus King)
 36044 | Vaults:2 | Noticed a curse skull
 36328 | Vaults:2 | Killed a curse skull
 36374 | Vaults:2 | Killed Aizul
 36386 | Vaults:2 | magus.rc [v1.9.6]
 36390 | Vaults:2 | Reached XP level 19. HP: 141/141 MP: 26/26
 36390 | Vaults:2 | Found Pucy's Magic Scroll Boutique.
 36407 | Vaults:2 | Bought a scroll of enchant armour for 97 gold pieces
 36407 | Vaults:2 | Bought a scroll of teleportation for 39 gold pieces
 36407 | Vaults:2 | Bought a scroll of immolation for 52 gold pieces
 36443 | Vaults:2 | Reached skill level 16 in Fighting
 36462 | Vaults:2 | Aim: an ironbound preserver, wielding a +0 great mace and
                  | wearing a +0 ring mail (ally target, about 12% to evade the
                  | +8 trident of the Octopus King)
 36462 | Vaults:2 | Aim: an ironbound preserver, wielding a +0 great mace and
                  | wearing a +0 ring mail (ally target, about 12% to evade the
                  | +8 trident of the Octopus King)
 36463 | Vaults:2 | Aim: an ironbound preserver, wielding a +0 great mace and
                  | wearing a +0 ring mail (flame, heavily wounded, not
                  | watching you, extremely poisoned, ally target, about 12% to
                  | evade the +8 trident of the Octopus King)
 36463 | Vaults:2 | Aim: an ironbound preserver, wielding a +0 great mace and
                  | wearing a +0 ring mail (flame, heavily wounded, not
                  | watching you, extremely poisoned, ally target, about 12% to
                  | evade the +8 trident of the Octopus King)
 36463 | Vaults:2 | Aim: an ironbound preserver, wielding a +0 great mace and
                  | wearing a +0 ring mail (flame, heavily wounded, not
                  | watching you, extremely poisoned, ally target, about 12% to
                  | evade the +8 trident of the Octopus King)
 36465 | Vaults:2 | Aim: an ironbound preserver, wielding a +0 morningstar and
                  | wearing a +0 leather armour (flame, lightly wounded, ally
                  | target, about 14% to evade the +8 trident of the Octopus
                  | King)
 36465 | Vaults:2 | Aim: an ironbound preserver, wielding a +0 morningstar and
                  | wearing a +0 leather armour (flame, lightly wounded, ally
                  | target, about 14% to evade the +8 trident of the Octopus
                  | King)
 36466 | Vaults:2 | Aim: an ironbound preserver, wielding a +0 morningstar and
                  | wearing a +0 leather armour (flame, moderately wounded,
                  | extremely poisoned, ally target, about 14% to evade the +8
                  | trident of the Octopus King)
 36466 | Vaults:2 | Aim: an ironbound preserver, wielding a +0 morningstar and
                  | wearing a +0 leather armour (flame, moderately wounded,
                  | extremely poisoned, ally target, about 14% to evade the +8
                  | trident of the Octopus King)
 36467 | Vaults:2 | Aim: an ironbound preserver, wielding a +0 morningstar and
                  | wearing a +0 leather armour (flame, heavily wounded,
                  | extremely poisoned, ally target, about 15% to evade the +8
                  | trident of the Octopus King)
 36467 | Vaults:2 | Aim: an ironbound preserver, wielding a +0 morningstar and
                  | wearing a +0 leather armour (flame, heavily wounded,
                  | extremely poisoned, ally target, about 15% to evade the +8
                  | trident of the Octopus King)
 36468 | Vaults:2 | Aim: an ironbound preserver, wielding a +0 morningstar and
                  | wearing a +0 leather armour (severely wounded, extremely
                  | poisoned, ally target, about 15% to evade the +8 trident of
                  | the Octopus King)
 36468 | Vaults:2 | Aim: an ironbound preserver, wielding a +0 morningstar and
                  | wearing a +0 leather armour (severely wounded, extremely
                  | poisoned, ally target, about 15% to evade the +8 trident of
                  | the Octopus King)
 36469 | Vaults:2 | Aim: an ironbound preserver, wielding a +0 morningstar and
                  | wearing a +0 leather armour (severely wounded, extremely
                  | poisoned, ally target, about 15% to evade the +8 trident of
                  | the Octopus King)
 36469 | Vaults:2 | Aim: an ironbound preserver, wielding a +0 morningstar and
                  | wearing a +0 leather armour (severely wounded, extremely
                  | poisoned, ally target, about 15% to evade the +8 trident of
                  | the Octopus King)
 36470 | Vaults:2 | Aim: an ironbound preserver, wielding a +0 morningstar and
                  | wearing a +0 leather armour (almost dead, extremely
                  | poisoned, ally target, about 15% to evade the +8 trident of
                  | the Octopus King)
 36470 | Vaults:2 | Aim: an ironbound preserver, wielding a +0 morningstar and
                  | wearing a +0 leather armour (almost dead, extremely
                  | poisoned, ally target, about 15% to evade the +8 trident of
                  | the Octopus King)
 36481 | Vaults:2 | Aim: an ironbound preserver, wielding a +0 great mace and
                  | wearing a +0 leather armour (flame, lightly wounded, ally
                  | target, about 15% to evade the +8 trident of the Octopus
                  | King)
 36481 | Vaults:2 | Aim: an ironbound preserver, wielding a +0 great mace and
                  | wearing a +0 leather armour (flame, lightly wounded, ally
                  | target, about 15% to evade the +8 trident of the Octopus
                  | King)
 36482 | Vaults:2 | Aim: an ironbound preserver, wielding a +0 great mace and
                  | wearing a +0 leather armour (flame, moderately wounded,
                  | ally target, about 15% to evade the +8 trident of the
                  | Octopus King)
 36482 | Vaults:2 | Aim: an ironbound preserver, wielding a +0 great mace and
                  | wearing a +0 leather armour (flame, moderately wounded,
                  | ally target, about 15% to evade the +8 trident of the
                  | Octopus King)
 36483 | Vaults:2 | Aim: an ironbound preserver, wielding a +0 great mace and
                  | wearing a +0 leather armour (moderately wounded, ally
                  | target, about 15% to evade the +8 trident of the Octopus
                  | King)
 36483 | Vaults:2 | Aim: an ironbound preserver, wielding a +0 great mace and
                  | wearing a +0 leather armour (moderately wounded, ally
                  | target, about 15% to evade the +8 trident of the Octopus
                  | King)
 36484 | Vaults:2 | Aim: an ironbound preserver, wielding a +0 great mace and
                  | wearing a +0 leather armour (heavily wounded, very
                  | poisoned, ally target, about 15% to evade the +8 trident of
                  | the Octopus King)
 36484 | Vaults:2 | Aim: an ironbound preserver, wielding a +0 great mace and
                  | wearing a +0 leather armour (heavily wounded, very
                  | poisoned, ally target, about 15% to evade the +8 trident of
                  | the Octopus King)
 36485 | Vaults:2 | Aim: an ironbound preserver, wielding a +0 great mace and
                  | wearing a +0 leather armour (flame, severely wounded,
                  | extremely poisoned, ally target, about 15% to evade the +8
                  | trident of the Octopus King)
 36485 | Vaults:2 | Aim: an ironbound preserver, wielding a +0 great mace and
                  | wearing a +0 leather armour (flame, severely wounded,
                  | extremely poisoned, ally target, about 15% to evade the +8
                  | trident of the Octopus King)
 36486 | Vaults:2 | Aim: an ironbound preserver, wielding a +0 great mace and
                  | wearing a +0 leather armour (flame, almost dead, extremely
                  | poisoned, ally target, about 15% to evade the +8 trident of
                  | the Octopus King)
 36486 | Vaults:2 | Aim: an ironbound preserver, wielding a +0 great mace and
                  | wearing a +0 leather armour (flame, almost dead, extremely
                  | poisoned, ally target, about 15% to evade the +8 trident of
                  | the Octopus King)
 36599 | Vaults:2 | Reached skill level 16 in Dodging
 36620 | Vaults:2 | Reached skill level 1 in Unarmed Combat
 36665 | Vaults:2 | Found a staircase to the Crypt.
 36704 | Vaults:2 | Reached skill level 2 in Unarmed Combat
 36984 | Vaults:2 | Reached skill level 3 in Unarmed Combat
 37090 | Vaults:2 | Reached skill level 4 in Unarmed Combat
 37200 | Vaults:2 | Reached skill level 5 in Unarmed Combat
 37356 | Vaults:2 | You pick up a book of Chaos and begin reading...
 37356 | Vaults:2 | You add the spells Conjure Ball Lightning, Disjunction and
                  | Discord to your library.
 37651 | Vaults:2 | Reached skill level 6 in Unarmed Combat
 37925 | Elf:1    | Entered Level 1 of the Elven Halls
 37931 | Elf:1    | Noticed Zenata
 37945 | Elf:1    | Reached skill level 7 in Unarmed Combat
 37945 | Elf:1    | Aim: Zenata, wielding a +5 eveningstar of protection and
                  | wearing a +1 leather armour of fire resistance (lightly
                  | wounded, about 22% to evade the +8 trident of the Octopus
                  | King)
 37946 | Elf:1    | Aim: Zenata, wielding a +5 eveningstar of protection and
                  | wearing a +1 leather armour of fire resistance (lightly
                  | wounded, extremely poisoned, about 22% to evade the +8
                  | trident of the Octopus King)
 37946 | Elf:1    | Aim: Zenata, wielding a +5 eveningstar of protection and
                  | wearing a +1 leather armour of fire resistance (lightly
                  | wounded, extremely poisoned, about 22% to evade the +8
                  | trident of the Octopus King)
 37947 | Elf:1    | Aim: Zenata, wielding a +5 eveningstar of protection and
                  | wearing a +1 leather armour of fire resistance (moderately
                  | wounded, extremely poisoned, about 22% to evade the +8
                  | trident of the Octopus King)
 37947 | Elf:1    | Aim: Zenata, wielding a +5 eveningstar of protection and
                  | wearing a +1 leather armour of fire resistance (moderately
                  | wounded, extremely poisoned, about 22% to evade the +8
                  | trident of the Octopus King)
 37948 | Elf:1    | Aim: Zenata, wielding a +5 eveningstar of protection and
                  | wearing a +1 leather armour of fire resistance (flame,
                  | moderately wounded, extremely poisoned, ally target, about
                  | 22% to evade the +8 trident of the Octopus King)
 37948 | Elf:1    | Aim: Zenata, wielding a +5 eveningstar of protection and
                  | wearing a +1 leather armour of fire resistance (flame,
                  | moderately wounded, extremely poisoned, ally target, about
                  | 22% to evade the +8 trident of the Octopus King)
 37949 | Elf:1    | Aim: Zenata, wielding a +5 eveningstar of protection and
                  | wearing a +1 leather armour of fire resistance (black
                  | smoke, moderately wounded, extremely poisoned, ally target,
                  | about 22% to evade the +8 trident of the Octopus King)
 37949 | Elf:1    | Aim: Zenata, wielding a +5 eveningstar of protection and
                  | wearing a +1 leather armour of fire resistance (black
                  | smoke, moderately wounded, extremely poisoned, ally target,
                  | about 22% to evade the +8 trident of the Octopus King)
 37950 | Elf:1    | Aim: Zenata, wielding a +5 eveningstar of protection and
                  | wearing a +1 leather armour of fire resistance (black
                  | smoke, heavily wounded, extremely poisoned, ally target,
                  | about 22% to evade the +8 trident of the Octopus King)
 37950 | Elf:1    | Aim: Zenata, wielding a +5 eveningstar of protection and
                  | wearing a +1 leather armour of fire resistance (black
                  | smoke, heavily wounded, extremely poisoned, ally target,
                  | about 22% to evade the +8 trident of the Octopus King)
 37951 | Elf:1    | Aim: Zenata, wielding a +5 eveningstar of protection and
                  | wearing a +1 leather armour of fire resistance (black
                  | smoke, heavily wounded, extremely poisoned, ally target,
                  | about 22% to evade the +8 trident of the Octopus King)
 37951 | Elf:1    | Aim: Zenata, wielding a +5 eveningstar of protection and
                  | wearing a +1 leather armour of fire resistance (black
                  | smoke, heavily wounded, extremely poisoned, ally target,
                  | about 22% to evade the +8 trident of the Octopus King)
 37952 | Elf:1    | Aim: Zenata, wielding a +5 eveningstar of protection and
                  | wearing a +1 leather armour of fire resistance (severely
                  | wounded, not watching you, extremely poisoned, ally target,
                  | about 22% to evade the +8 trident of the Octopus King)
 37952 | Elf:1    | Aim: Zenata, wielding a +5 eveningstar of protection and
                  | wearing a +1 leather armour of fire resistance (severely
                  | wounded, not watching you, extremely poisoned, ally target,
                  | about 22% to evade the +8 trident of the Octopus King)
 37953 | Elf:1    | Aim: Zenata, wielding a +5 eveningstar of protection and
                  | wearing a +1 leather armour of fire resistance (flame,
                  | severely wounded, extremely poisoned, ally target, about
                  | 22% to evade the +8 trident of the Octopus King)
 37953 | Elf:1    | Aim: Zenata, wielding a +5 eveningstar of protection and
                  | wearing a +1 leather armour of fire resistance (flame,
                  | severely wounded, extremely poisoned, ally target, about
                  | 22% to evade the +8 trident of the Octopus King)
 37954 | Elf:1    | Aim: Zenata, wielding a +5 eveningstar of protection and
                  | wearing a +1 leather armour of fire resistance (flame,
                  | almost dead, extremely poisoned, ally target, about 22% to
                  | evade the +8 trident of the Octopus King)
 37954 | Elf:1    | Aim: Zenata, wielding a +5 eveningstar of protection and
                  | wearing a +1 leather armour of fire resistance (flame,
                  | almost dead, extremely poisoned, ally target, about 22% to
                  | evade the +8 trident of the Octopus King)
 37954 | Elf:1    | Killed Zenata
 38127 | Elf:1    | Aim: a deep elf pyromancer, wielding a +0 long sword and
                  | wearing a +0 leather armour (ally target, about 29% to
                  | evade the +8 trident of the Octopus King)
 38127 | Elf:1    | Aim: a deep elf pyromancer, wielding a +0 long sword and
                  | wearing a +0 leather armour (ally target, about 29% to
                  | evade the +8 trident of the Octopus King)
 38128 | Elf:1    | Aim: a deep elf pyromancer, wielding a +0 long sword and
                  | wearing a +0 leather armour (flame, heavily wounded, very
                  | poisoned, ally target, about 29% to evade the +8 trident of
                  | the Octopus King)
 38128 | Elf:1    | Aim: a deep elf pyromancer, wielding a +0 long sword and
                  | wearing a +0 leather armour (flame, heavily wounded, very
                  | poisoned, ally target, about 29% to evade the +8 trident of
                  | the Octopus King)
 38129 | Elf:1    | Aim: a deep elf pyromancer, wielding a +0 long sword and
                  | wearing a +0 leather armour (flame, almost dead, very
                  | poisoned, ally target, about 29% to evade the +8 trident of
                  | the Octopus King)
 38129 | Elf:1    | Aim: a deep elf pyromancer, wielding a +0 long sword and
                  | wearing a +0 leather armour (flame, almost dead, very
                  | poisoned, ally target, about 29% to evade the +8 trident of
                  | the Octopus King)
 38256 | Elf:1    | You add the spells Foxfire and Freezing Cloud to your
                  | library.
 38256 | Elf:1    | Got Jeroyb's Directory of the Shot
 38291 | Elf:1    | Aim: a deep elf pyromancer, wielding a +0 long sword (ally
                  | target, about 29% to evade the +8 trident of the Octopus
                  | King)
 38291 | Elf:1    | Aim: a deep elf pyromancer, wielding a +0 long sword (ally
                  | target, about 29% to evade the +8 trident of the Octopus
                  | King)
 38292 | Elf:1    | Aim: a deep elf pyromancer, wielding a +0 long sword (ally
                  | target, about 29% to evade the +8 trident of the Octopus
                  | King)
 38292 | Elf:1    | Aim: a deep elf pyromancer, wielding a +0 long sword (ally
                  | target, about 29% to evade the +8 trident of the Octopus
                  | King)
 38293 | Elf:1    | Aim: a deep elf pyromancer, wielding a +0 long sword
                  | (flame, severely wounded, not watching you, very poisoned,
                  | ally target, about 29% to evade the +8 trident of the
                  | Octopus King)
 38293 | Elf:1    | Aim: a deep elf pyromancer, wielding a +0 long sword
                  | (flame, severely wounded, not watching you, very poisoned,
                  | ally target, about 29% to evade the +8 trident of the
                  | Octopus King)
 38294 | Elf:1    | Reached skill level 8 in Unarmed Combat
 38417 | Elf:1    | Found a transporter.
 38461 | Elf:1    | Noticed Frances
 38471 | Elf:1    | Killed Frances
 38740 | Elf:1    | Found Ymmyrch's Jewellery Boutique.
 38781 | Elf:1    | You pick up a book of the Dragon and begin reading...
 38797 | Elf:1    | Reached skill level 9 in Unarmed Combat
 38842 | Elf:1    | Paralysed by an air elemental for 1 turns
 39050 | Elf:1    | Found a transporter.
 39257 | Elf:1    | Identified the ring "Fothy" {rElec rC+++ Will+ MP-9 Dex-3}
 39282 | Elf:1    | Identified the ring of the Castellan {rF+ Int+5}
 39392 | Elf:2    | Found Adghasasu's Armour Shoppe.
 39420 | Elf:2    | You pick up a book of Air and begin reading...
 39440 | Elf:2    | Reached skill level 10 in Unarmed Combat
 39491 | Elf:2    | Noticed Norris
 39508 | Elf:2    | Aim: Norris, wielding a +0 eveningstar (about 20% to evade
                  | the +8 trident of the Octopus King)
 39508 | Elf:2    | Aim: Norris, wielding a +0 eveningstar (about 20% to evade
                  | the +8 trident of the Octopus King)
 39509 | Elf:2    | Aim: Norris, wielding a +0 eveningstar (lightly wounded,
                  | very poisoned, ally target, about 20% to evade the +8
                  | trident of the Octopus King)
 39509 | Elf:2    | Aim: Norris, wielding a +0 eveningstar (lightly wounded,
                  | very poisoned, ally target, about 20% to evade the +8
                  | trident of the Octopus King)
 39510 | Elf:2    | Aim: Norris, wielding a +0 eveningstar (lightly wounded,
                  | very poisoned, ally target, about 20% to evade the +8
                  | trident of the Octopus King)
 39510 | Elf:2    | Aim: Norris, wielding a +0 eveningstar (lightly wounded,
                  | very poisoned, ally target, about 20% to evade the +8
                  | trident of the Octopus King)
 39511 | Elf:2    | Aim: Norris, wielding a +0 eveningstar (lightly wounded,
                  | extremely poisoned, ally target, about 20% to evade the +8
                  | trident of the Octopus King)
 39511 | Elf:2    | Aim: Norris, wielding a +0 eveningstar (lightly wounded,
                  | extremely poisoned, ally target, about 20% to evade the +8
                  | trident of the Octopus King)
 39512 | Elf:2    | Aim: Norris, wielding a +0 eveningstar (lightly wounded,
                  | extremely poisoned, ally target, about 20% to evade the +8
                  | trident of the Octopus King)
 39512 | Elf:2    | Aim: Norris, wielding a +0 eveningstar (lightly wounded,
                  | extremely poisoned, ally target, about 20% to evade the +8
                  | trident of the Octopus King)
 39513 | Elf:2    | Aim: Norris, wielding a +0 eveningstar (steam, moderately
                  | wounded, extremely poisoned, ally target, about 20% to
                  | evade the +8 trident of the Octopus King)
 39513 | Elf:2    | Aim: Norris, wielding a +0 eveningstar (steam, moderately
                  | wounded, extremely poisoned, ally target, about 20% to
                  | evade the +8 trident of the Octopus King)
 39514 | Elf:2    | Aim: Norris, wielding a +0 eveningstar (heavily wounded,
                  | extremely poisoned, ally target, about 20% to evade the +8
                  | trident of the Octopus King)
 39514 | Elf:2    | Aim: Norris, wielding a +0 eveningstar (heavily wounded,
                  | extremely poisoned, ally target, about 20% to evade the +8
                  | trident of the Octopus King)
 39515 | Elf:2    | Aim: Norris, wielding a +0 eveningstar (severely wounded,
                  | extremely poisoned, ally target, about 20% to evade the +8
                  | trident of the Octopus King)
 39515 | Elf:2    | Aim: Norris, wielding a +0 eveningstar (severely wounded,
                  | extremely poisoned, ally target, about 20% to evade the +8
                  | trident of the Octopus King)
 39516 | Elf:2    | Aim: Norris, wielding a +0 eveningstar (severely wounded,
                  | extremely poisoned, ally target, about 20% to evade the +8
                  | trident of the Octopus King)
 39516 | Elf:2    | Aim: Norris, wielding a +0 eveningstar (severely wounded,
                  | extremely poisoned, ally target, about 20% to evade the +8
                  | trident of the Octopus King)
 39517 | Elf:2    | Aim: Norris, wielding a +0 eveningstar (severely wounded,
                  | extremely poisoned, ally target, about 20% to evade the +8
                  | trident of the Octopus King)
 39517 | Elf:2    | Aim: Norris, wielding a +0 eveningstar (severely wounded,
                  | extremely poisoned, ally target, about 20% to evade the +8
                  | trident of the Octopus King)
 39518 | Elf:2    | Aim: Norris, wielding a +0 eveningstar (almost dead,
                  | extremely poisoned, ally target, about 20% to evade the +8
                  | trident of the Octopus King)
 39518 | Elf:2    | Aim: Norris, wielding a +0 eveningstar (almost dead,
                  | extremely poisoned, ally target, about 20% to evade the +8
                  | trident of the Octopus King)
 39518 | Elf:2    | Killed Norris
 39527 | Elf:2    | Aim: a deep elf zephyrmancer, wielding a +2 dagger of
                  | draining (ally target, about 27% to evade the +8 trident of
                  | the Octopus King)
 39527 | Elf:2    | Aim: a deep elf zephyrmancer, wielding a +2 dagger of
                  | draining (ally target, about 27% to evade the +8 trident of
                  | the Octopus King)
 39528 | Elf:2    | Aim: a deep elf zephyrmancer, wielding a +2 dagger of
                  | draining (ally target, about 27% to evade the +8 trident of
                  | the Octopus King)
 39528 | Elf:2    | Aim: a deep elf zephyrmancer, wielding a +2 dagger of
                  | draining (ally target, about 27% to evade the +8 trident of
                  | the Octopus King)
 39557 | Elf:2    | Found a crumbling gateway.
 39598 | Desolati | Entered the Desolation of Salt
 39603 | Desolati | Aim: a servant of whispers, wielding a +0 spear and wearing
                  | a +0 robe (salt, ally target, about 27% to evade the +8
                  | trident of the Octopus King)
 39604 | Desolati | Aim: a servant of whispers, wielding a +0 spear and wearing
                  | a +0 robe (salt, moderately wounded, very poisoned, about
                  | 27% to evade the +8 trident of the Octopus King)
 39604 | Desolati | Aim: a servant of whispers, wielding a +0 spear and wearing
                  | a +0 robe (salt, moderately wounded, very poisoned, about
                  | 27% to evade the +8 trident of the Octopus King)
 39605 | Desolati | Aim: a servant of whispers, wielding a +0 spear and wearing
                  | a +0 robe (salt, moderately wounded, very poisoned, about
                  | 27% to evade the +8 trident of the Octopus King)
 39605 | Desolati | Aim: a servant of whispers, wielding a +0 spear and wearing
                  | a +0 robe (salt, moderately wounded, very poisoned, about
                  | 27% to evade the +8 trident of the Octopus King)
 39606 | Desolati | Aim: a servant of whispers, wielding a +0 spear and wearing
                  | a +0 robe (salt, heavily wounded, very poisoned, about 27%
                  | to evade the +8 trident of the Octopus King)
 39606 | Desolati | Aim: a servant of whispers, wielding a +0 spear and wearing
                  | a +0 robe (salt, heavily wounded, very poisoned, about 27%
                  | to evade the +8 trident of the Octopus King)
 39607 | Desolati | Aim: a servant of whispers, wielding a +0 spear and wearing
                  | a +0 robe (almost dead, extremely poisoned, about 27% to
                  | evade the +8 trident of the Octopus King)
 39607 | Desolati | Aim: a servant of whispers, wielding a +0 spear and wearing
                  | a +0 robe (almost dead, extremely poisoned, about 27% to
                  | evade the +8 trident of the Octopus King)
 39613 | Desolati | Aim: a ragged hierophant, wielding a +0 long sword and
                  | wearing a +0 robe (salt, lightly wounded, about 23% to
                  | evade the +8 trident of the Octopus King)
 39613 | Desolati | Aim: a ragged hierophant, wielding a +0 long sword and
                  | wearing a +0 robe (salt, lightly wounded, about 23% to
                  | evade the +8 trident of the Octopus King)
 39614 | Desolati | Aim: a ragged hierophant, wielding a +0 long sword and
                  | wearing a +0 robe (salt, moderately wounded, extremely
                  | poisoned, about 23% to evade the +8 trident of the Octopus
                  | King)
 39614 | Desolati | Aim: a ragged hierophant, wielding a +0 long sword and
                  | wearing a +0 robe (salt, moderately wounded, extremely
                  | poisoned, about 23% to evade the +8 trident of the Octopus
                  | King)
 39615 | Desolati | Aim: a ragged hierophant, wielding a +0 long sword and
                  | wearing a +0 robe (salt, severely wounded, extremely
                  | poisoned, about 23% to evade the +8 trident of the Octopus
                  | King)
 39615 | Desolati | Aim: a ragged hierophant, wielding a +0 long sword and
                  | wearing a +0 robe (salt, severely wounded, extremely
                  | poisoned, about 23% to evade the +8 trident of the Octopus
                  | King)
 39616 | Desolati | Aim: a ragged hierophant, wielding a +0 long sword and
                  | wearing a +0 robe (almost dead, extremely poisoned, about
                  | 23% to evade the +8 trident of the Octopus King)
 39616 | Desolati | Aim: a ragged hierophant, wielding a +0 long sword and
                  | wearing a +0 robe (almost dead, extremely poisoned, about
                  | 23% to evade the +8 trident of the Octopus King)
 39617 | Desolati | Aim: a servant of whispers, wielding a +0 spear and wearing
                  | a +0 robe (stilling the winds, sheltered from injuries,
                  | about 27% to evade the +8 trident of the Octopus King)
 39618 | Desolati | Aim: a servant of whispers, wielding a +0 spear and wearing
                  | a +0 robe (stilling the winds, about 27% to evade the +8
                  | trident of the Octopus King)
 39618 | Desolati | Aim: a servant of whispers, wielding a +0 spear and wearing
                  | a +0 robe (stilling the winds, about 27% to evade the +8
                  | trident of the Octopus King)
 39619 | Desolati | Aim: a servant of whispers, wielding a +0 spear and wearing
                  | a +0 robe (moderately wounded, stilling the winds,
                  | extremely poisoned, ally target, about 27% to evade the +8
                  | trident of the Octopus King)
 39619 | Desolati | Aim: a servant of whispers, wielding a +0 spear and wearing
                  | a +0 robe (moderately wounded, stilling the winds,
                  | extremely poisoned, ally target, about 27% to evade the +8
                  | trident of the Octopus King)
 39620 | Desolati | Aim: a servant of whispers, wielding a +0 spear and wearing
                  | a +0 robe (severely wounded, stilling the winds, not
                  | watching you, extremely poisoned, ally target, about 27% to
                  | evade the +8 trident of the Octopus King)
 39620 | Desolati | Aim: a servant of whispers, wielding a +0 spear and wearing
                  | a +0 robe (severely wounded, stilling the winds, not
                  | watching you, extremely poisoned, ally target, about 27% to
                  | evade the +8 trident of the Octopus King)
 39621 | Desolati | Aim: a servant of whispers, wielding a +0 spear and wearing
                  | a +0 robe (severely wounded, stilling the winds, extremely
                  | poisoned, ally target, about 27% to evade the +8 trident of
                  | the Octopus King)
 39621 | Desolati | Aim: a servant of whispers, wielding a +0 spear and wearing
                  | a +0 robe (severely wounded, stilling the winds, extremely
                  | poisoned, ally target, about 27% to evade the +8 trident of
                  | the Octopus King)
 39624 | Desolati | Reached skill level 11 in Unarmed Combat
 39644 | Desolati | Reached XP level 20. HP: 104/147 MP: 27/27
 39904 | Desolati | Identified the amulet "Kuuff" {RegenMP Int+4}
 39923 | Desolati | Got the Catalogue of Snow and the Commander
 40063 | Desolati | Identified the +2 robe of Cifaruor {Slay+3}
 40085 | Desolati | Reached skill level 12 in Unarmed Combat
 40166 | Desolati | Identified the staff of Ru's Hope {rC+ MP+9 Int+4 Ice}
 40194 | Desolati | Got Nevar's Codex of Limned Darkness
 40225 | Desolati | Identified the ring "Vulis" {rElec rC- rN+ Int+5 SInv}
 40347 | Desolati | Reached skill level 13 in Unarmed Combat
 40442 | Desolati | Identified the ring "Hotyn" {Ice Drain rN+ MP+9 Dex+3}
 40509 | Desolati | You pick up a book of the Wilderness and begin reading...
 40509 | Desolati | You add the spells Summon Forest and Summon Mana Viper to
                  | your library.
 40510 | Desolati | Identified the ring of Patience {rN+ Will+ AC+4}
 40516 | Desolati | Identified the +4 storm dragon scales of the Furies {rElec
                  | Will+ rCorr Dex+4}
 40517 | Desolati | R - the +4 storm dragon scales of the Furies {rElec Will+
                  | rCorr Dex+4, rare}
 40528 | Desolati | You finish putting on the +4 storm dragon scales of the
                  | Furies {rElec Will+ rCorr Dex+4, rare}.
 40545 | Desolati | Identified the staff "Lorchoyh" {rC+ rCorr Conj}
 40561 | Desolati | an ironbound convoker comes into view. It is wielding a +0
                  | dire flail and wearing the amulet of Vitality {RegenMP++
                  | Regen++}.
 40601 | Desolati | Aim: an ironbound convoker, wielding a +0 dire flail,
                  | wearing a +0 scale mail and wearing the amulet of Vitality
                  | {RegenMP++ Regen++} (about 18% to evade the +8 trident of
                  | the Octopus King)
 40601 | Desolati | Aim: an ironbound convoker, wielding a +0 dire flail,
                  | wearing a +0 scale mail and wearing the amulet of Vitality
                  | {RegenMP++ Regen++} (about 18% to evade the +8 trident of
                  | the Octopus King)
 40602 | Desolati | Aim: an ironbound convoker, wielding a +0 dire flail,
                  | wearing a +0 scale mail and wearing the amulet of Vitality
                  | {RegenMP++ Regen++} (severely wounded, extremely poisoned,
                  | about 18% to evade the +8 trident of the Octopus King)
 40602 | Desolati | Aim: an ironbound convoker, wielding a +0 dire flail,
                  | wearing a +0 scale mail and wearing the amulet of Vitality
                  | {RegenMP++ Regen++} (severely wounded, extremely poisoned,
                  | about 18% to evade the +8 trident of the Octopus King)
 40716 | Desolati | You add the spells Animate Armour and Yara's Violent
                  | Unravelling to your library.
 40716 | Desolati | Got Riqistur's Incunable of Transmigration and the Boggart
                  | {@e2}
 40744 | Desolati | You add the spells Dimensional Bullseye, Silence and
                  | Eringya's Noxious Bog to your library.
 40744 | Desolati | Got the Folio of Weird Toxicants
 41148 | Elf:2    | Found a runed translucent gate.
 41151 | Elf:2    | Found a runed translucent gate.
 41151 | Elf:2    | Found a runed translucent gate.
 41244 | Elf:3    | Entered Level 3 of the Elven Halls
 41262 | Elf:3    | You pick up a book of Armaments and begin reading...
 41351 | Elf:3    | Reached skill level 14 in Unarmed Combat
 41395 | Elf:3    | You pick up a book of the Moon and begin reading...
 41531 | Elf:3    | Noticed Mara
 41538 | Elf:3    | Killed Mara
 41655 | Elf:3    | Found Ygax's Weapon Shop.
 41764 | Elf:3    | Acquired the +3 tower shield "Dibeusiuc" {Fly rElec rPois
                  | Int+2}
 42141 | Elf:3    | Aim: a deep elf high priest, wielding a +0 scimitar (ally
                  | target, about 28% to evade the +8 trident of the Octopus
                  | King)
 42141 | Elf:3    | Aim: a deep elf high priest, wielding a +0 scimitar (ally
                  | target, about 28% to evade the +8 trident of the Octopus
                  | King)
 42152 | Elf:3    | Aim: a deep elf elementalist, wielding a +0 long sword and
                  | wearing a +0 leather armour (flame, almost dead, repelling
                  | missiles, extremely poisoned, ally target, about 28% to
                  | evade the +8 trident of the Octopus King)
 42152 | Elf:3    | Aim: a deep elf elementalist, wielding a +0 long sword and
                  | wearing a +0 leather armour (flame, almost dead, repelling
                  | missiles, extremely poisoned, ally target, about 28% to
                  | evade the +8 trident of the Octopus King)
 42159 | Elf:3    | Reached skill level 15 in Unarmed Combat
 42207 | Elf:3    | Identified the +4 battleaxe "Xuntab" {antimagic, Drain
                  | rPois rC+ Will+}
 42230 | Elf:3    | Identified the ring of Vanity {Fire rElec}
 42238 | Elf:3    | Aim: a deep elf sorcerer, wielding a +4 war axe of
                  | draining, wearing a +0 leather armour and wearing the ring
                  | of Vanity {Fire rElec} (heavily wounded, fast, about 28% to
                  | evade the +8 trident of the Octopus King)
 42238 | Elf:3    | Aim: a deep elf sorcerer, wielding a +4 war axe of
                  | draining, wearing a +0 leather armour and wearing the ring
                  | of Vanity {Fire rElec} (heavily wounded, fast, about 28% to
                  | evade the +8 trident of the Octopus King)
 42239 | Elf:3    | Aim: a deep elf sorcerer, wielding a +4 war axe of
                  | draining, wearing a +0 leather armour and wearing the ring
                  | of Vanity {Fire rElec} (heavily wounded, fast, ally target,
                  | about 28% to evade the +8 trident of the Octopus King)
 42239 | Elf:3    | Aim: a deep elf sorcerer, wielding a +4 war axe of
                  | draining, wearing a +0 leather armour and wearing the ring
                  | of Vanity {Fire rElec} (heavily wounded, fast, ally target,
                  | about 28% to evade the +8 trident of the Octopus King)
 42240 | Elf:3    | Aim: a deep elf sorcerer, wielding a +4 war axe of
                  | draining, wearing a +0 leather armour and wearing the ring
                  | of Vanity {Fire rElec} (heavily wounded, fast, ally target,
                  | about 28% to evade the +8 trident of the Octopus King)
 42240 | Elf:3    | Aim: a deep elf sorcerer, wielding a +4 war axe of
                  | draining, wearing a +0 leather armour and wearing the ring
                  | of Vanity {Fire rElec} (heavily wounded, fast, ally target,
                  | about 28% to evade the +8 trident of the Octopus King)
 42241 | Elf:3    | Aim: a deep elf master archer, wielding a +0 longbow and
                  | wearing a +0 leather armour (heavily wounded, ally target,
                  | about 32% to evade the +8 trident of the Octopus King)
 42241 | Elf:3    | Aim: a deep elf master archer, wielding a +0 longbow and
                  | wearing a +0 leather armour (heavily wounded, ally target,
                  | about 32% to evade the +8 trident of the Octopus King)
 42242 | Elf:3    | Aim: a deep elf master archer, wielding a +0 longbow and
                  | wearing a +0 leather armour (severely wounded, extremely
                  | poisoned, ally target, about 32% to evade the +8 trident of
                  | the Octopus King)
 42242 | Elf:3    | Aim: a deep elf master archer, wielding a +0 longbow and
                  | wearing a +0 leather armour (severely wounded, extremely
                  | poisoned, ally target, about 32% to evade the +8 trident of
                  | the Octopus King)
 42246 | Elf:3    | Aim: a deep elf annihilator, wielding a +0 long sword
                  | (flame, about 28% to evade the +8 trident of the Octopus
                  | King)
 42246 | Elf:3    | Aim: a deep elf annihilator, wielding a +0 long sword
                  | (flame, about 28% to evade the +8 trident of the Octopus
                  | King)
 42247 | Elf:3    | Aim: a deep elf annihilator, wielding a +0 long sword
                  | (flame, lightly wounded, about 28% to evade the +8 trident
                  | of the Octopus King)
 42247 | Elf:3    | Aim: a deep elf annihilator, wielding a +0 long sword
                  | (flame, lightly wounded, about 28% to evade the +8 trident
                  | of the Octopus King)
 42248 | Elf:3    | Aim: a deep elf annihilator, wielding a +0 long sword
                  | (flame, lightly wounded, about 28% to evade the +8 trident
                  | of the Octopus King)
 42248 | Elf:3    | Aim: a deep elf annihilator, wielding a +0 long sword
                  | (flame, lightly wounded, about 28% to evade the +8 trident
                  | of the Octopus King)
 42249 | Elf:3    | Aim: a deep elf annihilator, wielding a +0 long sword
                  | (flame, moderately wounded, very poisoned, about 28% to
                  | evade the +8 trident of the Octopus King)
 42249 | Elf:3    | Aim: a deep elf annihilator, wielding a +0 long sword
                  | (flame, moderately wounded, very poisoned, about 28% to
                  | evade the +8 trident of the Octopus King)
 42250 | Elf:3    | Aim: a deep elf annihilator, wielding a +0 long sword
                  | (flame, almost dead, extremely poisoned, about 28% to evade
                  | the +8 trident of the Octopus King)
 42250 | Elf:3    | Aim: a deep elf annihilator, wielding a +0 long sword
                  | (flame, almost dead, extremely poisoned, about 28% to evade
                  | the +8 trident of the Octopus King)
 42332 | Elf:3    | a deep elf pyromancer comes into view. It is wielding the
                  | +7 Spriggan's Knife {stab, EV+4 Stlth+}.
 42383 | Elf:3    | Gained mutation: You have claws for hands. [demonic
                  | ancestry]
 42383 | Elf:3    | Reached XP level 21. HP: 153/153 MP: 20/28
 42613 | Elf:3    | Found the -2 hat of the Alchemist {rElec rPois rF+ rC+ rN+
                  | Will+ rMut rCorr}
 42617 | Elf:3    | Identified the staff "Gestrieph" {Drain rPois Dex+5 Earth}
 42627 | Elf:3    | Identified the +7 dagger of Beag {freeze, rPois rCorr}
 42633 | Elf:3    | You pick up a book of Spectacle and begin reading...
 42633 | Elf:3    | You add the spells Volatile Blastmotes, Dazzling Flash and
                  | Starburst to your library.
 42648 | Elf:3    | Identified the +5 orcbow "Juibeusk" {antimagic, rC+ Dex+2
                  | SInv}
 42663 | Elf:3    | You add the spells Cigotuvi's Dreadful Rot and Ignite
                  | Poison to your library.
 42688 | Elf:3    | Identified the +0 cloak of Iriuc {Contam rN+ Str+2 Stlth+}
 42693 | Elf:3    | You pick up a book of Unlife and begin reading...
 42693 | Elf:3    | You add the spells Animate Dead, Borgnjor's Vile Clutch and
                  | Death Channel to your library.
 42756 | Elf:3    | Got Ereshkigal's Exposition on Bombardment
 43024 | Vaults:1 | magus.rc [v1.9.6]
 43071 | Vaults:3 | Reached skill level 16 in Unarmed Combat
 44295 | Vaults:4 | Reached skill level 17 in Unarmed Combat
 44307 | Vaults:4 | You pick up a book of Necromancy and begin reading...
 44512 | Vaults:4 | Found Foxuz's Weapon Emporium.
 44996 | Vaults:4 | Reached skill level 18 in Unarmed Combat
 45050 | Vaults:4 | Identified the +2 leather armour of the Furies {Str+4}
 45426 | Depths:1 | Entered Level 1 of the Depths
 45576 | Depths:1 | Got the Discourse on the Congealing Catacomb
 45583 | Depths:1 | Identified the storm talisman of Yredelemnul's Favour
                  | {Dex+5}
 45583 | Depths:1 | Noticed Sojobo
 45610 | Depths:1 | Killed Sojobo
 45640 | Depths:1 | Found a gateway to Hell.
 45661 | Depths:1 | Identified the +1 falchion of Fiuzepn {heavy, Int+3}
 45811 | Depths:1 | Noticed Bai Suzhen
 45822 | Depths:1 | Killed Bai Suzhen
 45878 | Depths:1 | Noticed Tulador's ghost (adept HOFi)
 45879 | Depths:1 | Noticed an ancient lich
 45921 | Depths:1 | Found a runed translucent door.
 45932 | Depths:1 | Found a runed translucent door.
 46025 | Depths:1 | You pick up a book of Power and begin reading...
 46025 | Depths:1 | You add the spells Iskenderun's Battlesphere and
                  | Spellforged Servitor to your library.
 46137 | Depths:1 | magus.rc [v1.9.6]
 46149 | Depths:2 | Found a one-way gateway to a ziggurat.
 46155 | Depths:2 | Found Emmeom's Elemental Accessories.
 46238 | Depths:2 | Found a one-way gate leading to the halls of Pandemonium.
 46401 | Depths:2 | Gained mutation: A demonic guardian rushes to your aid.
                  | [demonic ancestry]
 46401 | Depths:2 | Reached XP level 22. HP: 160/160 MP: 29/29
 46407 | Depths:2 | Reached skill level 16 in Shields
 46500 | Depths:2 | Found Abuj Want's Assorted Antiques.
 46508 | Depths:2 | Bought a scroll of teleportation for 108 gold pieces
 46601 | Depths:2 | Noticed a caustic shrike
 46607 | Depths:2 | Killed a caustic shrike
 46708 | Depths:2 | Noticed a juggernaut
 46713 | Depths:2 | Killed a juggernaut
 46714 | Depths:2 | Reached skill level 19 in Unarmed Combat
 46721 | Depths:2 | Noticed a juggernaut
 46728 | Depths:2 | Killed a juggernaut
 46789 | Depths:2 | Noticed a golden dragon
 46798 | Depths:2 | Killed a golden dragon
 46813 | Depths:2 | Noticed a golden dragon
 46820 | Depths:2 | Killed a golden dragon
 46834 | Depths:2 | You pick up a book of Beasts and begin reading...
 46879 | Depths:2 | Identified the amulet of the Tarantula {RegenMP rF+}
 46896 | Depths:2 | Got Sif Muna's Catalogue of Freezing Lamentation
 46971 | Depths:2 | Found a one-way gate to the infinite horrors of the Abyss.
 47198 | Depths:3 | Found Tiughar's Book Shop.
 47315 | Depths:3 | Found a stormy altar of Qazlal.
 47586 | Depths:3 | Noticed a golden dragon
 47595 | Depths:3 | Killed a golden dragon
 47827 | Depths:3 | Found Raxzaet's Magic Scroll Emporium.
 47827 | Depths:3 | Found Tazeapn's Assorted Antiques.
 47847 | Depths:3 | Found Futuen's Assorted Antiques.
 47851 | Depths:3 | Bought a scroll of enchant armour for 165 gold pieces
 47851 | Depths:3 | Bought a scroll of teleportation for 66 gold pieces
 47851 | Depths:3 | Bought a scroll of teleportation for 66 gold pieces
 47855 | Depths:3 | Bought an ichor-stained chain mail for 351 gold pieces
 47855 | Depths:3 | Identified the +0 chain mail of the Lusting Gods {Dex+4}
                  | (You bought it in a shop on level 3 of the Depths)
 47856 | Depths:3 | Bought a potion of invisibility for 296 gold pieces
 48115 | Depths:3 | Reached skill level 17 in Shields
 48296 | Depths:3 | Found a runed translucent door.
 48298 | Depths:3 | Found a runed translucent door.
 48311 | Depths:3 | Found a runed translucent door.
 48342 | Depths:3 | Noticed a golden dragon
 48342 | Depths:3 | Noticed a golden dragon
 48348 | Depths:3 | Killed a golden dragon
 48353 | Depths:3 | Killed a golden dragon
 48353 | Depths:3 | Identified +0 gold dragon scales
 48355 | Depths:3 | +0 gold dragon scales {rare}; a golden dragon corpse
 48355 | Depths:3 | Y - +0 gold dragon scales {rare}
 48488 | Depths:3 | Identified the +6 shortbow of the Shouting Genius {heavy,
                  | Str-4 Dex+3 SInv}
 48489 | Depths:3 | You pick up a book of Frost and begin reading...
 48533 | Depths:3 | You are sucked into a shaft and drop 1 floor!
 48533 | Depths:4 | Entered Level 4 of the Depths
 48869 | Depths:3 | Noticed a golden dragon
 48878 | Depths:3 | Killed a golden dragon
 49084 | Depths:3 | You finish taking off the +4 storm dragon scales of the
                  | Furies {rElec Will+ rCorr Dex+4, rare}.
 49089 | Depths:3 | You finish putting on your +0 gold dragon scales {rare}.
 49094 | Depths:3 | You finish taking off your +0 gold dragon scales {rare}.
 49099 | Depths:3 | You finish putting on the +4 storm dragon scales of the
                  | Furies {rElec Will+ rCorr Dex+4, rare}.
 49102 | Depths:3 | You drop +0 gold dragon scales {rare}.
 49401 | Depths:4 | Reached skill level 20 in Unarmed Combat
 49538 | Depths:4 | Found a sacrificial altar of Ru.
 50254 | Depths:4 | Identified +8 gold dragon scales
 50254 | Depths:4 | Noticed Parghit
 50829 | Depths:4 | Killed Parghit
 50830 | Depths:4 | Reached skill level 18 in Shields
 50831 | Depths:4 | t - +8 gold dragon scales {rare}
 50990 | Depths:4 | Found a gate to the Realm of Zot.
 51278 | Depths:4 | You finish taking off the +4 storm dragon scales of the
                  | Furies {rElec Will+ rCorr Dex+4, rare}.
 51283 | Depths:4 | You finish putting on your +8 gold dragon scales {rare}.
 51512 | Vaults:4 | your +8 gold dragon scales {rare} glow green for a moment.
 51515 | Vaults:5 | Entered Level 5 of the Vaults
 51592 | Vaults:5 | Gained mutation: A powerful demonic guardian rushes to your
                  | aid. [demonic ancestry]
 51592 | Vaults:5 | Reached XP level 23. HP: 47/164 MP: 30/30
 51602 | Vaults:5 | Noticed a dread lich
 51623 | Vaults:5 | magus.rc [v1.9.6]
 51973 | Vaults:5 | magus.rc [v1.9.6]
 52182 | Vaults:5 | Reached skill level 9 in Armour
 52260 | Vaults:5 | HP: 40/162 [deep elf high priest/divine providence (11)]
 52269 | Vaults:5 | Found the +0 pair of fencer's gloves {Riposte Dex+3}
 52273 | Vaults:5 | HP: 38/158 [shadow dragon/bolt of negative energy (16)]
 52652 | Vaults:5 | Reached skill level 19 in Shields
 52722 | Vaults:5 | You pick up a book of Burglary and begin reading...
 52724 | Vaults:5 | Identified the +3 leather armour "Sigu" {Harm rF+}
 52733 | Vaults:5 | You add the spells Gell's Gravitas and Dispersal to your
                  | library.
 52737 | Vaults:5 | Got Sif Muna's Handbook from the Archmaster to MackTheKnife
 52750 | Vaults:5 | Acquired 589 gold pieces
 52763 | Vaults:5 | magus.rc [v1.9.6]
 52784 | Vaults:5 | +0 storm dragon scales {rare}; a storm dragon corpse
 52806 | Vaults:5 | Reached skill level 10 in Armour
 52832 | Vaults:5 | Got a silver rune of Zot
 52854 | Vaults:5 | Identified the +0 cloak of the Five Demons {rElec Int+3}
 52943 | Vaults:5 | Noticed an ancient lich
 52957 | Vaults:5 | Killed an ancient lich
 53200 | Vaults:5 | your +9 gold dragon scales {rare} glow green for a moment.
 53233 | Vaults:5 | Identified the +4 chain mail of Beogh {Drain Regen+ Dex+6}
 53359 | Vaults:5 | Killed a dread lich
 53360 | Vaults:5 | Reached skill level 11 in Armour
 53418 | Vaults:5 | HP: 41/165 [war gargoyle/+0 morningstar (22)]
 53712 | Vaults:5 | Found Faillo's Assorted Antiques.
 53735 | Vaults:5 | Bought 2 potions of heal wounds for 280 gold pieces
 53735 | Vaults:5 | Bought a scroll of teleportation for 84 gold pieces
 53735 | Vaults:5 | Bought a scroll of teleportation for 84 gold pieces
 54534 | Zot:1    | Entered Level 1 of the Realm of Zot
 54685 | Zot:1    | Reached skill level 20 in Shields
 54740 | Zot:1    | Reached skill level 12 in Armour
 55134 | Zot:3    | Gained mutation: Your demonic aura causes all spilled blood
                  | to erupt in flames. [demonic ancestry]
 55134 | Zot:3    | Reached XP level 24. HP: 171/171 MP: 30/30
 55265 | Zot:4    | Reached skill level 13 in Armour
 55595 | Zot:4    | Noticed a Killer Klown
 55611 | Zot:4    | Noticed a curse toe
 55617 | Zot:4    | Killed a Killer Klown
 55617 | Zot:4    | Noticed a curse toe
 55643 | Zot:3    | +0 shadow dragon scales {rare}; a shadow dragon corpse
 55803 | Zot:3    | quicksilver dragon scales {rare}; a quicksilver dragon
                  | corpse
 55811 | Zot:3    | quicksilver dragon scales {rare}; a quicksilver dragon
                  | corpse
 55831 | Zot:3    | Noticed a curse toe
 55843 | Zot:3    | Reached skill level 14 in Armour
 56238 | Depths:4 | magus.rc [v1.9.6]
 56595 | Zot:4    | Reached skill level 15 in Armour
 56602 | Zot:5    | Entered Level 5 of the Realm of Zot
 56792 | Zot:5    | Noticed a Killer Klown
 56812 | Zot:5    | Killed a Killer Klown
 57344 | Zot:5    | Identified +0 gold dragon scales
 57366 | Zot:5    | +0 gold dragon scales {rare}; a golden dragon corpse
 57373 | Zot:5    | +0 gold dragon scales {rare}; a golden dragon corpse
 57454 | Zot:5    | +0 gold dragon scales {rare}; a golden dragon corpse
 57510 | Zot:5    | Reached skill level 16 in Armour
 57629 | Zot:5    | Noticed an orb of fire
 57635 | Zot:5    | Killed an orb of fire
 57642 | Zot:5    | Noticed an orb of fire
 57651 | Zot:5    | Killed an orb of fire
 57702 | Zot:5    | Noticed an electric golem
 57710 | Zot:5    | Killed an electric golem
 57811 | Zot:5    | Noticed an orb of fire
 57820 | Zot:5    | Gained mutation: You occasionally lose the ability to read
                  | scrolls when taking damage. [an orb of fire]
 57831 | Zot:5    | Killed an orb of fire
 57832 | Zot:5    | Reached skill level 17 in Fighting
 57841 | Zot:5    | Lost mutation: You occasionally lose the ability to read
                  | scrolls when taking damage. [potion of mutation]
 57841 | Zot:5    | Lost mutation: You are somewhat resistant to further
                  | mutation. [potion of mutation]
 57841 | Zot:5    | Gained mutation: You have very sharp teeth. [potion of
                  | mutation]
 57841 | Zot:5    | Gained mutation: You occasionally shout uncontrollably at
                  | your foes. [potion of mutation]
 57841 | Zot:5    | Gained mutation: Your magical capacity is low. (-10% MP)
                  | [potion of mutation]
 57841 | Zot:5    | Gained mutation: Your mind is acute. (Int +4, Str/Dex -1)
                  | [potion of mutation]
 57842 | Zot:5    | Lost mutation: You occasionally shout uncontrollably at
                  | your foes. [potion of mutation]
 57842 | Zot:5    | Lost mutation: Your mind is acute. (Int +4, Str/Dex -1)
                  | [potion of mutation]
 57842 | Zot:5    | Lost mutation: Your magical capacity is low. (-10% MP)
                  | [potion of mutation]
 57842 | Zot:5    | Gained mutation: Your skin changes colour to match your
                  | surroundings (Stealth+). [potion of mutation]
 57842 | Zot:5    | Gained mutation: Your movements are slightly less
                  | encumbered by armour. (ER -2) [potion of mutation]
 57842 | Zot:5    | Gained mutation: You passively map a small area around you.
                  | [potion of mutation]
 57911 | Zot:5    | Noticed a Killer Klown
 57919 | Zot:5    | Killed a Killer Klown
 58019 | Zot:5    | Noticed a Killer Klown
 58032 | Zot:5    | Killed a Killer Klown
 58129 | Zot:5    | Reached skill level 18 in Fighting
 58147 | Zot:5    | Gained mutation: You are robust. (+10% HP) [demonic
                  | ancestry]
 58147 | Zot:5    | Reached XP level 25. HP: 150/204 MP: 30/30
 58147 | Zot:5    | Got the Orb of Zot
 58254 | Zot:4    | Noticed Riofauts the pandemonium lord
 58387 | Depths:4 | Noticed Amoqoeb the pandemonium lord
 58654 | D:4      | Noticed Asorul the pandemonium lord
 58805 | D:$      | Escaped with the Orb!

Vanquished Creatures
  An ancient lich (Vaults:5)
  A juggernaut (Depths:2)
  Sojobo (Depths:1)
  2 Killer Klowns
  Bai Suzhen (Depths:1)
  A golden dragon (shapeshifter) (Vaults:5)
  2 bone dragons
  6 golden dragons
  Arachne (Spider:4)
  Zenata (Elf:1)
  4 tentacled monstrosities
  11 Orb Guardians (Zot:5)
  5 titans
  An acid blob (shapeshifter) (Vaults:5)
  Asterion (Spider:3)
  A deep elf master archer (Elf:3)
  4 sphinxes
  Gastronok (D:8)
  4 quicksilver dragons
  Frances (Elf:1)
  7 storm dragons
  Kirke (Spider:3)
  5 shadow dragons
  Aizul (Vaults:2)
  3 draconian monks
  8 tengu reavers
  5 frost giants
  A draconian scorcher (Depths:4)
  An emperor scorpion (Spider:4)
  An imperial myrmidon (Desolation)
  5 fire giants
  An iron dragon (Vaults:5)
  4 deep elf sorcerers (Elf:3)
  6 vault wardens
  A draconian shifter (Zot:1)
  A draconian stormcaller (Zot:5)
  2 deep elf elementalists (Elf:3)
  4 broodmothers
  3 ghost moths (Spider:4)
  2 war gargoyles
  2 draconian annihilators
  20 ironbound preservers
  2 very ugly things
  A vampire knight (Depths:4)
  13 stone giants
  4 green draconians
  2 ironbound thunderhulks
  6 deep elf demonologists (Elf:3)
  3 eleionomae
  8 purple draconians
  2 formless jellyfish
  4 black draconians
  4 deep elf annihilators
  3 yellow draconians
  6 spark wasps
  7 dire elephants
  8 bunyips
  2 red draconians
  3 white draconians
  3 fire dragons
  14 ettins
  6 deep elf death magi
  Snorg (Lair:3)
  4 crystal guardians
  7 deep elf high priests
  5 entropy weavers
  Josephine (Orc:1)
  8 yaktaur captains
  2 ragged hierophants (Desolation)
  A hell beast (Depths:1)
  20 vault guards
  2 shambling mangroves (Swamp:4)
  6 ice dragons
  4 spriggan air magi
  15 hydras
  6 servants of whispers (Desolation)
  9 ironbound frosthearts
  4 great orbs of eyes
  A salamander tyrant (Depths:1)
  9 boulder beetles
  2 jorogumos
  13 peacekeepers
  Erica (D:8)
  5 alligators
  2 radroaches
  8 two-headed ogres
  9 dancing weapons
  10 centaur warriors
  7 death yaks
  A deep troll shaman (Depths:3)
  2 spriggan berserkers
  A tengu warrior (D:14)
  A deep troll earth mage (Depths:3)
  4 demonic crawlers
  An occultist (Depths:1)
  A storm dragon zombie (Depths:3)
  9 hell knights
  8 deep elf knights
  5 skysharks
  A salamander mystic (Depths:1)
  6 pharaoh ants
  A skyshark (shapeshifter) (Depths:3)
  A sun moth (Spider:1)
  A golden dragon zombie (Depths:3)
  A goliath frog (Swamp:4)
  42 deep trolls
  A shadow wraith (Vaults:5)
  3 flayed ghosts
  3 spriggan druids
  4 orb spiders
  2 glowing orange brains (Depths:3)
  13 lindwurms
  4 steelbarb worms
  3 arcanists
  An orange crystal statue (Depths:3)
  7 swamp dragons
  2 lindwurms (shapeshifter)
  9 necromancers
  13 deep elf zephyrmancers
  15 ironbound convokers
  7 deep elf archers
  3 phantasmal warriors
  2 orc knights
  3 harpies (Vaults:1)
  24 wolf spiders
  12 ugly things
  16 deep elf pyromancers
  2 manticores
  An orc sorcerer (Elf:1)
  3 salamanders (Depths:1)
  10 cyclopes
  14 moths of wrath
  2 will-o-the-wisps
  An elephant (shapeshifter) (Depths:3)
  16 elephants
  A black mamba (Lair:2)
  11 vault sentinels
  A black mamba (shapeshifter) (Vaults:5)
  A smoke demon (Depths:4)
  14 cane toads
  6 torpor snails
  A cane toad (shapeshifter) (D:14)
  2 gargoyles
  A yaktaur zombie (Vaults:3)
  3 rime drakes
  7 komodo dragons
  3 dire elephant skeletons (Lair:5)
  A spark wasp simulacrum (Depths:3)
  A yaktaur (shapeshifter) (Elf:1)
  15 yaktaurs
  2 freezing wraiths (Vaults:5)
  A tormentor (D:1)
  2 tengu conjurers
  33 tarantellas
  2 polar bears
  A troll (D:10)
  16 hornets
  A bloated husk (Swamp:1)
  2 meliai
  A queen bee (shapeshifter) (Vaults:5)
  2 hellwings (Depths:4)
  2 spectral elephants (Lair:5)
  Prince Ribbit (D:7)
  33 saltlings (Desolation)
  A glass eye (Depths:3)
  33 slime creatures
  2 air elementals (Elf:1)
  16 jumping spiders
  A water elemental (Elf:1)
  An ettin skeleton (Vaults:3)
  A vampire (D:13)
  A ynoxinul (Depths:4)
  9 spriggans
  3 wraiths
  24 culicivoras
  2 shadows (D:11)
  A hog (Spider:3)
  6 wyverns
  6 basilisks
  A dire elephant simulacrum (Lair:5)
  47 yaks
  2 steam dragons
  5 vampire mosquitoes
  49 redbacks
  2 wargs
  8 swamp worms
  3 acid dragons
  A hell hound (D:14)
  5 water moccasins
  3 swamp drakes
  An ice beast (D:6)
  3 elephant zombies (Lair:5)
  9 orc warriors
  9 wolves
  10 ogres
  15 centaurs
  A phantom (D:6)
  6 kobold brigands
  A gnoll sergeant (D:9)
  3 earth elementals
  3 scorpions
  9 bullfrogs
  A cane toad simulacrum (IceCv)
  6 wights (D:7)
  An elephant simulacrum (IceCv)
  21 killer bees
  5 jellies
  9 orc priests
  3 hounds
  A gnoll bouda (D:6)
  2 sleepcaps
  10 orc wizards
  6 hell rats (D:14)
  15 gnolls
  8 adders
  A shadow imp (D:12)
  A white imp (D:7)
  2 ufetubi (D:5)
  6 worms
  2 dart slugs
  39 orcs
  16 endoplasms
  3 giant cockroaches (D:1)
  9 hobgoblins
  2 jackals (D:2)
  4 quokkas
  12 ball pythons
  4 bats
  3 frilled lizards
  3 goblins
  21 kobolds
  6 kobold skeletons (D:12)
  9 kobold zombies (D:12)
  6 rats
1386 creatures vanquished.

Vanquished Creatures (collateral kills)
  A dread lich (Vaults:5)
  3 orbs of fire (Zot:5)
  Mara (Elf:3)
  A juggernaut (Depths:2)
  Parghit (Depths:4)
  2 Killer Klowns (Zot:5)
  A caustic shrike (Depths:2)
  10 golden dragons
  Norris (Elf:2)
  An electric golem (Zot:5)
  A Hell Sentinel (Depths:4)
  Rupert (D:13)
  11 Orb Guardians (Zot:5)
  6 quicksilver dragons
  A walking divine tome (Depths:3)
  4 tentacled monstrosities
  A titan (Vaults:5)
  A deep elf blademaster (Elf:3)
  A walking frostbound tome (Depths:2)
  3 death cobs
  A deep elf master archer (Elf:3)
  A sphinx (Vaults:1)
  3 storm dragons
  Donald (Swamp:1)
  3 shadow dragons
  2 draconian knights
  6 fire giants
  2 deep elf sorcerers (Elf:3)
  4 frost giants
  3 emperor scorpions
  A ghost moth (Spider:4)
  An iron dragon (Depths:3)
  3 draconian scorchers
  A deep elf elementalist (Elf:3)
  A draconian stormcaller (Zot:3)
  2 vault wardens
  6 ironbound preservers
  A curse skull (Vaults:2)
  6 stone giants
  A formless jellyfish (Vaults:2)
  2 very ugly things
  6 black draconians
  3 war gargoyles
  3 ironbound thunderhulks
  2 green draconians (Zot:5)
  2 red draconians
  2 deep elf demonologists (Elf:3)
  4 spark wasps
  6 white draconians
  A deep elf annihilator (Elf:3)
  A purple draconian (Zot:5)
  4 yellow draconians
  2 dire elephants (Vaults:1)
  A bunyip (Swamp:4)
  A halazid warlock (Desolation)
  A deep elf death mage (Elf:3)
  An ettin (shapeshifter) (Vaults:5)
  A jiangshi (Vaults:2)
  2 deep elf high priests
  2 ettins
  A fire dragon (Swamp:4)
  3 ragged hierophants (Desolation)
  A great orb of eyes (Vaults:4)
  4 entropy weavers
  6 servants of whispers (Desolation)
  6 yaktaur captains
  7 vault guards
  A rakshasa (Depths:2)
  6 hydras
  5 peacekeepers (Desolation)
  5 alligators
  A jorogumo (Spider:3)
  3 ironbound frosthearts
  An ogre mage (Vaults:4)
  A spriggan air mage (Swamp:4)
  3 radroaches (Spider:3)
  A centaur warrior (D:14)
  A two-headed ogre (D:11)
  A boulder beetle (Spider:3)
  5 dancing weapons
  A tengu warrior (Depths:1)
  3 demonic crawlers
  A deep troll shaman (Depths:3)
  2 deep troll earth magi
  A vampire mage (Depths:3)
  7 deep elf knights
  A spriggan berserker (Depths:3)
  4 hell knights
  An iron troll (Depths:3)
  13 deep trolls
  Lodul (D:13)
  3 pharaoh ants
  A goliath frog (Swamp:3)
  A bog body (Swamp:4)
  A glowing orange brain (Depths:1)
  3 orb spiders
  7 ironbound convokers
  2 swamp dragons (Swamp:4)
  2 deep elf archers
  7 deep elf zephyrmancers
  A phantasmal warrior (Vaults:5)
  2 necromancers
  A harpy (Vaults:1)
  4 wolf spiders
  A steelbarb worm (Spider:4)
  9 ugly things
  5 deep elf pyromancers
  2 oklob plants
  A tengu skeleton (Depths:3)
  A salamander (Depths:1)
  An orc sorcerer (Elf:2)
  2 will-o-the-wisps
  2 moths of wrath
  5 elephants
  4 cyclopes
  4 vault sentinels
  5 guardian serpents (Desolation)
  A cane toad (Lair:4)
  3 ice statues (IceCv)
  2 torpor snails
  2 gargoyles
  A kobold demonologist (D:12)
  2 rime drakes
  A komodo dragon (Lair:5)
  5 yaktaurs
  3 freezing wraiths
  A yaktaur skeleton (Vaults:3)
  2 hellwings (Depths:4)
  A tengu conjurer (Depths:1)
  A polar bear (shapeshifter) (Vaults:5)
  2 trolls
  2 meliai (Spider:2)
  15 tarantellas
  52 saltlings (Desolation)
  A tyrant leech (Swamp:2)
  11 hornets
  12 jumping spiders
  19 slime creatures
  4 spriggans
  6 culicivoras
  An air elemental (Elf:3)
  2 wyverns
  5 wraiths
  2 fire elementals (Elf:1)
  17 yaks
  A basilisk (Lair:4)
  3 hogs (Spider:3)
  3 vampire mosquitoes
  22 redbacks
  2 steam dragons
  An acid dragon (D:11)
  6 swamp worms
  A harpy simulacrum (IceCv)
  A hydra simulacrum (IceCv)
  2 water moccasins (Lair:1)
  3 swamp drakes (Swamp:4)
  A meliai simulacrum (D:14)
  2 ice beasts (D:9)
  4 orc warriors
  A black bear (D:5)
  6 ogres
  3 centaurs
  A wolf (Lair:1)
  A kobold brigand (D:12)
  A bullfrog (Lair:2)
  An earth elemental (Elf:1)
  A cane toad simulacrum (IceCv)
  A wight (D:7)
  7 killer bees
  A howler monkey (D:10)
  3 orc priests
  4 jellies (Lair:1)
  A sleepcap (D:6)
  4 orc wizards
  2 polar bear simulacra (IceCv)
  A wolf simulacrum (IceCv)
  2 gnolls (D:9)
  A shadow imp (D:12)
  3 worms (Spider:1)
  14 orcs
  11 endoplasms
  12 kobolds
  A kobold skeleton (D:12)
  2 kobold zombies (D:12)
635 creatures vanquished.

Vanquished Creatures (others)
  A draconian monk (Zot:5)
  A deep elf archer (Elf:1)
  A deep elf zephyrmancer (Elf:1)
  A deep elf pyromancer (Elf:1)
  A bloated husk (Swamp:3)
  A human (Spider:3)
  A fire elemental (Elf:1)
  A redback (Spider:1)
  2 ancestors (D:6)
  74 battlemagi
  2 kobolds (D:12)
  22 foxfires
108 creatures vanquished.

Grand Total: 2129 creatures vanquished

Table legend:
 A = Non-vault XP
 B = Vault XP
 C = Vault XP percentage of total XP
 D = Non-vault monster count
 E = Vault monster count
 F = Vault count percentage of total count
                 A         B        C        D         E       F
            +---------+---------+-------+---------+---------+-------
      Total |  612531 |  533278 |  46.5 |    1264 |     751 |  37.3
            +---------+---------+-------+---------+---------+-------
        D:1 |      42 |       0 |   0.0 |      24 |       0 |   0.0
        D:2 |      55 |       0 |   0.0 |      18 |       0 |   0.0
        D:3 |     140 |       0 |   0.0 |      27 |       0 |   0.0
        D:4 |     378 |       0 |   0.0 |      19 |       0 |   0.0
        D:5 |     410 |       0 |   0.0 |      13 |       0 |   0.0
        D:6 |     669 |       0 |   0.0 |      16 |       0 |   0.0
        D:7 |    1406 |     264 |  15.8 |      24 |       1 |   4.0
        D:8 |    1969 |    2383 |  54.8 |      32 |       2 |   5.9
        D:9 |    4323 |    1197 |  21.7 |      38 |      13 |  25.5
       D:10 |    3411 |     406 |  10.6 |      20 |       1 |   4.8
       D:11 |    3682 |    2191 |  37.3 |      10 |       5 |  33.3
       D:12 |    8466 |    1400 |  14.2 |      33 |      53 |  61.6
       D:13 |    4789 |    3596 |  42.9 |       8 |       7 |  46.7
       D:14 |    8054 |    4470 |  35.7 |      18 |      20 |  52.6
       D:15 |   10410 |    1234 |  10.6 |      21 |       1 |   4.5
     Lair:1 |   11059 |    2468 |  18.2 |      36 |      25 |  41.0
     Lair:2 |    4941 |     713 |  12.6 |      25 |       1 |   3.8
     Lair:3 |    5542 |    1574 |  22.1 |      16 |       5 |  23.8
     Lair:4 |    7831 |      97 |   1.2 |      22 |       8 |  26.7
     Lair:5 |    4584 |    9078 |  66.4 |      12 |      23 |  65.7
    Swamp:1 |   16166 |    1334 |   7.6 |      33 |       1 |   2.9
    Swamp:2 |    6875 |    1772 |  20.5 |      14 |       1 |   6.7
    Swamp:3 |    9333 |       0 |   0.0 |      13 |       0 |   0.0
    Swamp:4 |   10042 |   17976 |  64.2 |      21 |      27 |  56.2
   Spider:1 |   24283 |    3383 |  12.2 |      68 |      16 |  19.0
   Spider:2 |   25561 |       0 |   0.0 |      65 |       0 |   0.0
   Spider:3 |   25996 |    8904 |  25.5 |      62 |      12 |  16.2
   Spider:4 |   16472 |   18367 |  52.7 |      39 |      36 |  48.0
      Orc:1 |    2055 |    1502 |  42.2 |      21 |       4 |  16.0
      Orc:2 |    1984 |    8533 |  81.1 |      24 |      13 |  35.1
      Elf:1 |   19955 |   10184 |  33.8 |      37 |      13 |  26.0
      Elf:2 |    9032 |    9432 |  51.1 |      13 |      10 |  43.5
      Elf:3 |   20954 |   37092 |  63.9 |      31 |      33 |  51.6
   Vaults:1 |   21524 |   19655 |  47.7 |      32 |      31 |  49.2
   Vaults:2 |   36351 |   25557 |  41.3 |      60 |      31 |  34.1
   Vaults:3 |   17865 |    8268 |  31.6 |      26 |      12 |  31.6
   Vaults:4 |   34725 |   14178 |  29.0 |      49 |      17 |  25.8
   Vaults:5 |   21452 |  102603 |  82.7 |      24 |      89 |  78.8
   Depths:1 |   15951 |   15655 |  49.5 |      19 |       9 |  32.1
   Depths:2 |   22474 |   20549 |  47.8 |      27 |      10 |  27.0
   Depths:3 |   32066 |   29493 |  47.9 |      38 |      24 |  38.7
   Depths:4 |   18251 |   19364 |  51.5 |      21 |      16 |  43.2
      Zot:1 |   18367 |       0 |   0.0 |      14 |       0 |   0.0
      Zot:2 |   21247 |       0 |   0.0 |      17 |       0 |   0.0
      Zot:3 |   17933 |    2933 |  14.1 |      15 |       2 |  11.8
      Zot:4 |   32621 |       0 |   0.0 |      25 |       0 |   0.0
      Zot:5 |   30835 |   61313 |  66.5 |      24 |      28 |  53.8
     Bailey |       0 |    1897 | 100.0 |       0 |       7 | 100.0
      IceCv |       0 |    2803 | 100.0 |       0 |      13 | 100.0
 Desolation |       0 |   59460 | 100.0 |       0 |     131 | 100.0
            +---------+---------+-------+---------+---------+-------

Skill      XL: |  1  2  3  4  5  6  7  8  9 10 11 12 13 14 15 16 17 18 19 20 21 22 23 24 |
---------------+-------------------------------------------------------------------------+-----
Ice Magic      | 4 5 7 |  7.0
Fighting       | 1 2 3 5 6 7 8 10 12 14 15 16 18 | 18.3
Polearms       | 2 3 5 8 10 12 14 | 14.0
Dodging        | 5 6 7 11 12 14 15 16 | 16.0
Armour         | 3 4 5 6 7 8 12 16 | 16.0
Shields        | 1 5 9 14 15 18 20 | 20.0
Spellcasting   | 4 |  4.0
Invocations    | 3 10 | 10.0
Evocations     | 6 |  6.0
Transmutations | 2 6 |  6.0
Unarmed Combat | 11 15 18 20 | 20.0
Stealth        | |  1.7

Action                     |  1- 3 |  4- 6 |  7- 9 | 10-12 | 13-15 | 16-18 | 19-21 | 22-24 | 25-27 || total
---------------------------+-------+-------+-------+-------+-------+-------+-------+-------+-------++-------
  Melee: Unarmed           |     1 |       |       |       |       |       |   351 |  1033 |    28 ||  1413
         Dagger            |     4 |     4 |       |       |       |       |       |       |       ||     8
         Trident           |       |    75 |   122 |   403 |   981 |  1514 |   905 |       |       ||  4000
         Kick              |       |    15 |    26 |       |       |   202 |   596 |   561 |    16 ||  1416
         Punch             |       |     1 |       |       |       |       |       |       |       ||     1
         Headbutt          |       |       |     3 |    77 |   233 |   421 |   360 |   362 |     9 ||  1465
         Bite              |       |       |       |       |       |       |       |     5 |     7 ||    12
  Throw: Dart              |     4 |       |       |       |       |       |       |       |       ||     4
   Cast: Freeze            |    59 |     9 |       |       |       |     1 |       |       |       ||    69
         Frozen Ramparts   |       |     8 |    10 |     7 |    15 |     6 |       |       |       ||    46
         Ozocubu's Armour  |       |       |       |     3 |    16 |     9 |     5 |       |       ||    33
         Wereblood         |       |       |       |       |       |    22 |    11 |       |       ||    33
 Invoke: Recall Ancestor   |       |       |     5 |     4 |    11 |     5 |     5 |     9 |     1 ||    40
         Ancestor Identity |       |       |     1 |       |       |       |       |       |       ||     1
         Ancestor Life: Ba |       |       |     1 |       |       |       |       |       |       ||     1
         Idealise          |       |       |       |       |     3 |     6 |    19 |    16 |       ||    44
  Evoke: Wand              |       |     4 |     3 |     3 |     9 |     4 |     7 |    10 |     2 ||    42
         Lightning rod     |       |       |       |       |       |     3 |       |     1 |       ||     4
         Phantom mirror    |       |       |       |       |       |       |       |     1 |       ||     1
         Sack of spiders   |       |       |       |       |       |       |       |     1 |       ||     1
         Condenser vane    |       |       |       |       |       |       |       |     1 |       ||     1
    Use: Scroll            |     2 |     4 |     2 |     9 |    13 |    16 |    10 |    23 |     6 ||    85
         Potion            |       |       |     2 |       |       |     2 |     6 |    23 |     8 ||    41
   Stab: Sleeping          |       |     5 |       |     1 |     3 |     6 |     2 |       |       ||    17
         Distracted        |       |     2 |     3 |     7 |    18 |    22 |    40 |    24 |     1 ||   117
         Confused          |       |       |       |       |     1 |       |       |       |       ||     1
         Invisible         |       |       |       |       |       |       |       |    11 |       ||    11
 Armour: Robe              |    19 |    19 |       |       |    23 |       |       |       |       ||    61
         Leather armour    |       |    10 |    40 |     1 |       |       |       |       |       ||    51
         Swamp dragon scal |       |       |       |    78 |   183 |   332 |    86 |       |       ||   679
         Storm dragon scal |       |       |       |       |       |       |   166 |   114 |       ||   280
         Gold dragon scale |       |       |       |       |       |       |       |   346 |    14 ||   360
  Dodge: Dodged            |    29 |    27 |    50 |   109 |   342 |   796 |   386 |   334 |    11 ||  2084
  Block: Buckler           |       |       |       |    45 |   248 |   163 |       |       |       ||   456
         Reflection        |       |       |       |       |    41 |    29 |    26 |       |       ||    96
         Kite shield       |       |       |       |       |       |   824 |   397 |       |       ||  1221
         Tower shield      |       |       |       |       |       |       |   397 |   852 |    29 ||  1278

Illustrated notes

Table legend:
 A = Kills in this place as a percentage of kills in the entire game.
 B = Kills by you in this place as a percentage of kills by you in the entire game.
 C = Kills by friends in this place as a percentage of kills by friends in the entire game.
 D = Other kills in this place as a percentage of other kills in the entire game.
 E = Experience gained in this place as a percentage of experience gained in the entire game.
 F = Experience gained in this place divided by the number of levels of this place that you have seen.
                   A       B       C       D       E      F
               +-------+-------+-------+-------+-------+----------------------
         Total | 100.0 | 100.0 | 100.0 | 100.0 | 100.0 | 22580.2
       Dungeon |  21.0 |  24.1 |  14.3 |   0.0 |   5.7 | 4379.4
          Lair |   8.5 |   9.5 |   6.6 |   0.0 |   4.2 | 9577.4
         Swamp |   5.4 |   5.3 |   5.8 |   0.0 |   5.5 | 15874.5
   Spider Nest |  14.7 |  14.5 |  15.1 |  33.3 |  10.7 | 30741.5
  Orcish Mines |   3.1 |   3.2 |   2.8 |   0.0 |   1.2 | 7037.0
   Elven Halls |   6.8 |   6.7 |   6.8 |  33.3 |   9.3 | 35549.7
        Vaults |  18.3 |  20.1 |  14.5 |   0.0 |  26.2 | 60435.6
        Depths |   8.4 |   7.8 |   9.9 |   0.0 |  15.4 | 44381.0
           Zot |   6.2 |   4.4 |  10.1 |  33.3 |  16.2 | 37392.4
        Bailey |   0.3 |   0.3 |   0.5 |   0.0 |   0.2 | 1897.0
      Ice Cave |   0.6 |   0.1 |   1.7 |   0.0 |   0.2 | 2803.0
    Desolation |   6.5 |   4.0 |  11.8 |   0.0 |   5.2 | 59460.0
               +-------+-------+-------+-------+-------+----------------------

Table legend: (Time is in decaauts)
 A = Elapsed time spent in this place.
 B = Non-inter-level travel time spent in this place.
 C = Inter-level travel time spent in this place.
 D = Time resting spent in this place.
 E = Time spent auto-exploring this place.
 F = Levels seen in this place.
 G = Mean time per level.
                   A        B        C        D        E       F      G
               +--------+--------+--------+--------+--------+-----+--------+
         Total |  57674 |  53189 |   4485 |   9957 |  31933 |  51 | 1130.9 |
       Dungeon |  15659 |  13586 |   2073 |   1405 |   9664 |  15 | 1043.9 |
        Temple |     28 |     14 |     14 |      0 |      0 |   1 |   28.0 |
          Lair |   5648 |   5167 |    481 |    875 |   3536 |   5 | 1129.6 |
         Swamp |   3735 |   3526 |    209 |    505 |   2416 |   4 |  933.8 |
   Spider Nest |   6628 |   6268 |    360 |    663 |   4370 |   4 | 1657.0 |
  Orcish Mines |   1276 |   1093 |    183 |     50 |    802 |   2 |  638.0 |
   Elven Halls |   3517 |   3326 |    191 |    570 |   1841 |   3 | 1172.3 |
        Vaults |   9087 |   8633 |    454 |   2268 |   4594 |   5 | 1817.4 |
        Depths |   6508 |   6065 |    443 |   1510 |   3350 |   4 | 1627.0 |
           Zot |   3296 |   3223 |     73 |   1468 |    633 |   5 |  659.2 |
        Bailey |    504 |    504 |      0 |    231 |    125 |   1 |  504.0 |
      Ice Cave |    548 |    548 |      0 |    312 |     17 |   1 |  548.0 |
    Desolation |   1234 |   1234 |      0 |     97 |    582 |   1 | 1234.0 |
               +--------+--------+--------+--------+--------+-----+--------+

Top non-repeatable levels by time:
Depths:4: 2717 daAuts
Vaults:5: 2567 daAuts
Vaults:2: 2256 daAuts
Vaults:1: 1933 daAuts
Depths:3: 1898 daAuts
Spider:4: 1822 daAuts
Spider:1: 1698 daAuts
Spider:3: 1623 daAuts
   Zot:5: 1578 daAuts
   Elf:3: 1539 daAuts
Spider:2: 1483 daAuts
    D:14: 1392 daAuts
   Elf:1: 1389 daAuts
     D:9: 1326 daAuts
     D:1: 1277 daAuts
